Cogmind - Beta 16 @@@ ROGUE MODE // 2025.10.25 @ 00:02:52 Player: Cracklepappy Result: Escaped! Performance ------------- Evolutions (9) 4500 Regions Visited (30) 6000 Robots Destroyed (539) 2695 Value Destroyed (27459) 27459 Prototype IDs (42) 840 Alien Tech Used (0) 0 Bonus (18348) 18348 TOTAL SCORE: 59842 Bonus ------- High Alert Combat Kills 5126 Follower Combat Kills 4781 Entered Garrisons 2000 Used RIF Installer 6000 Win 3000 Friendly Fire -2559 Cogmind --------- Core Integrity 1260/1600 Matter 149/300 Energy 191/200 System Corruption 5% Temperature Cool (18) Movement Flying (25) Location To Epsilon Eridani Parts ------- > --- POWER (2) -------- Micro Antimatter Reactor Micro Antimatter Reactor > --- PROPULSION (8) --- Xenon Bombardment Thruster Xenon Bombardment Thruster Impulse Thruster Cooled Impulse Thruster Impulse Thruster Array Impulse Thruster Array > --- UTILITY (10) ----- Advanced Heat Sink Large Storage Unit Gravity Neutralizer Experimental Core Analyzer Relay Coupler [NC] (8) Relay Coupler [Swarmer] (1) Relay Coupler [Grunt] (18) Relay Coupler [Sentry] (1) Relay Coupler [Hunter] (1) Relay Coupler [Behemoth] (3) > --- WEAPON (5) ------- Heavy Machine Gun Railgun Railgun Railgun Advanced Remote Datajack > --- INVENTORY (15) --- Graphene Brace Relay Coupler [Grunt] (38) Relay Coupler [Proto] (15) Relay Coupler [Proto] (15) Relay Coupler [Proto] (15) Relay Coupler [Proto] (15) Relay Coupler [Proto] (15) Advanced Component Analysis Suite Railgun Railgun Gamma Bomb Array Advanced Datajack Advanced Remote Datajack Improved Plasma Cutter Enhanced Force Lance Peak State ------------ > --- POWER ------------ Micro Antimatter Reactor Micro Antimatter Reactor > --- PROPULSION ------- Xenon Bombardment Thruster Cooled Impulse Thruster Cooled Impulse Thruster Impulse Thruster Array Impulse Thruster Array Improved Q-thruster > --- UTILITY ---------- Advanced Heat Sink Large Storage Unit Gravity Neutralizer Experimental Core Analyzer Relay Coupler [NC] Relay Coupler [Swarmer] Relay Coupler [Grunt] Relay Coupler [Sentry] Relay Coupler [Hunter] Relay Coupler [Behemoth] > --- WEAPON ----------- Enhanced Nova Cannon KE Penetrator Railgun Hypervelocity Railgun Advanced Remote Datajack > --- INVENTORY -------- Graphene Brace Relay Coupler [NC] Relay Coupler [Grunt] Relay Coupler [Grunt] Relay Coupler [Proto] Relay Coupler [Proto] Relay Coupler [Proto] Relay Coupler [Proto] Relay Coupler [Proto] Advanced Component Analysis Suite KE Penetrator KE Penetrator Gamma Bomb Array Advanced Datajack Improved Plasma Cutter [Rating: 172] Favorites ----------- Power Neutrino Core Engine Ion Engine Power Core Neutrino Core Reactor Quantum Reactor Propulsion Light Treads Treads Light Treads Leg Improved Thunder Leg Wheel High-density Centrium Wheel Hover Unit Combat Linear Gravjet Flight Unit Improved Cesium-ion Thruster Utility Experimental Core Analyzer Device Advanced Heat Sink Storage Huge Storage Unit Processor Experimental Core Analyzer Hackware Relay Coupler [NC] Protection Active Cooling Armor Weapon KE Penetrator Energy Gun Heavy Wave Gun Energy Cannon Enhanced Nova Cannon Ballistic Gun KE Penetrator Ballistic Cannon Advanced Assault Cannon Launcher Guided Micro-nuke Launcher Special Weapon Advanced Remote Datajack Impact Weapon Power Maul Slashing Weapon Ripper Piercing Weapon Enhanced Force Lance Special Melee Weapon Advanced Datajack Build | -11 -10 -10 -9 -9 -9 -8 -8 -8 -8 -7 -7 -7 -7 -6 -6 -5 -5 -5 -5 -4 -4 -4 -4 -3 -3 -2 -2 -1 -1 -1 ------- Run | Yrd Mat Min Mat Sto Gar Mat Gar Mat Gar Fac Was Fac Gar Fac Gar Fac Was Fac Gar Fac Was Fac Gar Res Gar Res Gar Acc Gar Acc Slots Evolved 18 | . . . 2 . . 2 . . . 2 . . . 2 . 2 . . . 2 . . . 2 . 2 . 2 . . Power 1 | . . . . . . . . . . . . . . 1 . . . . . . . . . . . . . . . . Propulsion 6 | . . . . . . 1 . . . 2 . . . . . 1 . . . . . . . . . . . 2 . . Utility 8 | . . . . . . 1 . . . . . . . 1 . 1 . . . 2 . . . 2 . 1 . . . . Weapon 3 | . . . 2 . . . . . . . . . . . . . . . . . . . . . . 1 . . . . Parts Attached 381 | 7 15 7 22 13 14 19 10 9 1 13 8 8 8 . 17 11 6 11 17 12 5 8 30 7 16 13 38 4 8 24 Power 52 | 1 3 2 1 4 1 1 . 1 . 1 . 1 1 . 2 . 1 . 7 . 1 2 10 . 1 3 3 . 2 3 Engine 12 | 1 3 1 1 4 1 1 . . . . . . . . . . . . . . . . . . . . . . . . Core 13 | . . 1 . . . . . 1 . 1 . 1 1 . . . . . 5 . . 1 2 . . . . . . . Reactor 27 | . . . . . . . . . . . . . . . 2 . 1 . 2 . 1 1 8 . 1 3 3 . 2 3 Propulsion 93 | 2 6 . 7 1 3 4 4 . 1 5 2 6 . . 5 3 1 1 3 . 2 1 5 . 3 3 11 3 4 7 Treads 26 | . 4 . 3 1 1 1 3 . . . . . . . 3 1 1 1 . . 1 . 3 . 3 . . . . . Leg 2 | . . . . . . . . . . . . . . . 1 . . . . . 1 . . . . . . . . . Wheel 28 | 2 2 . 4 . 2 3 . . . . . . . . 1 2 . . 3 . . 1 2 . . 3 3 . . . Hover 3 | . . . . . . . . . 1 . . . . . . . . . . . . . . . . . . . . 2 Flight 34 | . . . . . . . 1 . . 5 2 6 . . . . . . . . . . . . . . 8 3 4 5 Utility 101 | 2 5 2 3 2 2 3 3 3 . 3 4 1 2 . 6 6 4 3 3 3 1 2 1 5 10 5 13 1 . 3 Device 41 | 1 1 1 1 2 1 2 1 1 . 1 2 . 1 . 3 2 2 3 1 1 1 2 . 2 4 1 2 . . 2 Storage 9 | 1 2 . 1 . . 1 . . . . . . . . 1 1 . . . . . . . . . . 1 1 . . Processor 10 | . . . . . . . 1 1 . 2 . . . . . 2 . . . . . . . . 2 1 1 . . . Hackware 31 | . . . . . 1 . . 1 . . 1 1 1 . 2 1 1 . 2 1 . . 1 2 3 3 9 . . 1 Protection 10 | . 2 1 1 . . . 1 . . . 1 . . . . . 1 . . 1 . . . 1 1 . . . . . Artifact . | . . . . . . . . . . . . . . . . . . . . . . . . . . . . . . . Weapon 135 | 2 1 3 11 6 8 11 3 5 . 4 2 . 5 . 4 2 . 7 4 9 1 3 14 2 2 2 11 . 2 11 Energy Gun 16 | 1 1 . 2 . . . 1 . . . 1 . . . . . . . . 5 . . 1 . . . 4 . . . Energy Cannon 16 | . . 2 3 1 . . . . . . . . . . . 1 . . . . . . 7 1 . . . . . 1 Ballistic Gun 74 | 1 . . 4 5 5 8 2 4 . 3 . . 4 . 4 1 . 5 3 . . 2 5 1 1 2 5 . 2 7 Ballistic Cannon 6 | . . . . . . 2 . . . . . . . . . . . . 1 . . 1 . . 1 . 1 . . . Launcher 7 | . . 1 1 . 1 . . . . . . . 1 . . . . . . 2 . . . . . . . . . 1 Special Weapon 9 | . . . 1 . . . . 1 . . 1 . . . . . . 2 . 1 . . 1 . . . 1 . . 1 Impact Weapon 2 | . . . . . . 1 . . . 1 . . . . . . . . . . . . . . . . . . . . Slashing Weapon 1 | . . . . . 1 . . . . . . . . . . . . . . . . . . . . . . . . . Piercing Weapon 2 | . . . . . . . . . . . . . . . . . . . . . 1 . . . . . . . . 1 Special Melee Weapon 2 | . . . . . 1 . . . . . . . . . . . . . . 1 . . . . . . . . . . Unidentified Prototypes 12 | . . . 2 1 . . 1 . . . . 1 . . . . 1 . . . . . . . 3 1 2 . . . Corrupted Parts 1 | . . . . . . . . . . . . . . . . 1 . . . . . . . . . . . . . . System Corruption 6 | . . . . . . . . . . . . . . . . 6 . . . . . . . . . . . . . . Parts Lost 37 | . . 1 1 1 3 8 1 . . . . . . 1 . . . 1 . . . . . 1 2 2 3 . 3 9 Power 3 | . . . . . . 1 . . . . . . . 1 . . . . . . . . . . . 1 . . . . Propulsion 13 | . . 1 . . 1 2 . . . . . . . . . . . . . . . . . . 1 1 1 . 3 3 Utility 6 | . . . . . . 2 . . . . . . . . . . . 1 . . . . . 1 1 . 1 . . . Weapon 15 | . . . 1 1 2 3 1 . . . . . . . . . . . . . . . . . . . 1 . . 6 Highest Loss Streak 5 | . . 1 1 1 1 4 1 . . . . . . 1 . . . 1 . . . . . 1 2 2 2 . 2 5 To Critical Strikes 1 | . . . . . . 1 . . . . . . . . . . . . . . . . . . . . . . . . Average Backups 21 | 4 19 24 24 24 24 24 23 24 24 5 5 5 5 5 6 20 26 26 26 28 28 29 28 28 28 28 13 14 14 14 Power . | . 1 1 1 . 1 . . 1 1 . . . . . . . 1 1 1 . . 1 . . . 1 . . . . Propulsion 3 | 1 6 4 7 7 6 6 7 8 7 . . . . . . 6 9 8 3 2 1 1 . . . 3 1 . . . Utility 10 | . 8 10 8 9 7 6 7 9 7 2 1 1 2 1 2 9 11 10 14 16 16 16 18 19 20 17 8 13 12 10 Weapon 5 | 1 3 8 7 6 7 9 6 5 7 2 2 1 1 2 1 1 3 4 6 7 8 8 6 6 4 3 1 . 1 1 Tool/Special . | . . . . . . . . . . . . . . . . . . . . . . . . . . . . . . . Unused Backups 137 | . 10 . 17 5 4 5 3 1 4 7 1 . 1 . 11 6 3 3 14 2 . . 4 3 5 2 10 . 6 10 Power 9 | . 1 . . 1 . 1 . . . . . . . . . 1 . 1 1 . . . 1 . . 1 1 . . . Propulsion 33 | . 6 . 6 2 1 1 . . 2 1 . . . . . 1 2 1 6 . . . 1 . 1 . 1 . . 1 Utility 67 | . 2 . 5 . 3 1 3 . 1 1 1 . 1 . 10 4 1 . 6 1 . . 1 2 4 1 7 . 5 7 Weapon 24 | . 1 . 6 2 . 1 . . 1 5 . . . . . . . 1 1 1 . . . 1 . . 1 . 1 2 Tool/Special 4 | . . . . . . 1 . 1 . . . . . . 1 . . . . . . . 1 . . . . . . . Average Slot Usage (%) 91 | . 99 100 99 99 100 98 94 100 100 99 100 100 100 96 97 87 80 76 75 63 68 72 76 78 86 86 91 97 98 91 Engine 4 | . 14 13 11 11 11 9 9 3 . . . . . 3 5 . . . . . . . . . . . . . . . Core 2 | . . . . . . . . 5 9 7 7 7 7 6 5 . . . 8 10 10 8 4 . . . . . . . Reactor 2 | . . . . . . . . . . . . . . . 1 11 11 11 2 . . 1 5 9 9 6 6 8 7 8 Treads 9 | . 25 28 8 . 1 1 24 27 27 . . . . . 1 22 12 17 10 . 4 5 8 . 7 5 . . . . Wheel 8 | . 2 . 13 21 20 25 2 . . . . . . . . . 9 . 5 15 11 14 15 19 14 15 6 . . . Flight 6 | . . . . . . . . . . 37 38 38 38 33 29 . . . . . . . . . . . 17 29 31 23 Device 7 | . 6 6 4 11 10 16 13 1 6 7 3 . 3 5 10 10 5 5 5 2 . . 4 8 12 11 8 8 8 8 Storage 6 | . 14 14 11 11 11 9 9 9 9 . . . . . . 5 5 5 5 5 5 5 5 4 4 4 2 4 4 4 Processor 5 | . . . . . . . 2 15 9 14 15 15 15 13 12 10 5 5 5 5 5 5 5 4 5 9 12 8 8 4 Hackware 3 | . . . . . . . . . 1 . 3 6 3 6 . . 5 5 4 2 5 5 . 7 6 9 18 20 20 23 Protection 2 | . 7 7 6 . . . 1 . 1 . . . . . . . . . . 4 5 5 5 3 6 1 . . . . Energy Gun 2 | . 14 2 . . . . . . . . 4 . . . . . . . . 1 15 12 3 . . . 1 . . . Energy Cannon 3 | . . 19 11 10 . . . . . . . . . . . 3 4 . . 1 . . 8 8 6 6 . . . 2 Ballistic Gun 19 | . 14 5 31 32 43 27 19 21 35 26 17 29 29 22 24 18 12 22 21 5 5 6 8 8 4 10 11 12 12 13 Peak Build Rating 172 | 7 11 13 24 29 30 39 35 37 45 46 51 58 62 63 107 133 133 126 122 133 149 150 157 167 167 170 160 166 163 172 Average Rating 78 | 5 9 11 18 25 27 34 31 34 37 42 46 54 59 61 73 123 127 122 111 125 138 148 146 160 158 149 136 158 158 163 On Entrance 84 | . 7 11 12 24 26 26 32 35 35 38 46 49 58 57 63 107 129 122 122 106 129 149 148 155 155 167 142 145 166 155 Avg Prop Armor Cover (%) 7 | . . . 6 . 6 . . . . . . . 1 . 2 23 23 . 10 . 6 6 5 . 8 5 4 . . 2 Naked Turns . | . . . . . . . . . . . . . . . . . . . . . . . . . . . . . . . Heaviest Build 262 | 15 96 98 108 109 107 114 115 115 110 23 24 24 24 26 90 198 197 199 201 237 223 228 260 262 244 226 217 58 62 74 Greatest Support 205 | 26 40 40 43 24 24 63 60 60 63 27 29 30 30 30 170 205 205 205 205 84 84 68 96 96 96 80 96 71 71 74 Greatest Overweight (x) 8 | . 4 2 6 4 8 3 2 1 1 . . . . . 2 4 4 . 3 2 3 3 5 2 8 4 2 . . 1 Average Overweight (x) 1 | . . 2 3 4 4 2 1 1 1 . . . . . . . 3 . 1 2 2 2 2 2 3 2 . . . . Largest Inventory Capacity 30 | 8 25 25 25 25 25 25 25 25 25 25 5 5 5 5 20 30 30 30 30 30 30 30 30 30 30 30 30 15 15 15 Average Capacity 22 | 7 19 25 25 25 25 25 25 25 25 5 5 5 5 5 7 20 30 30 30 30 30 30 30 30 30 30 14 15 15 15 Most Carried 30 | 8 25 25 25 25 25 25 25 25 25 24 5 5 5 5 20 30 30 30 30 30 30 30 30 30 30 30 30 15 15 15 Average Carried 22 | 4 19 24 24 24 24 24 23 24 24 5 4 4 4 4 6 20 29 29 29 29 29 29 29 29 29 29 13 14 14 14 Final Capacity 30 | 8 25 25 25 25 25 25 25 25 25 5 5 5 5 5 20 30 30 30 30 30 30 30 30 30 30 30 15 15 15 15 Final Carried 30 | 8 25 25 25 25 25 22 25 24 25 5 5 5 5 5 20 30 30 30 30 30 30 30 30 30 30 30 15 15 15 15 Class Distribution -------------------- 19% | Botlord-Gunner 15% | Gunner 14% | Mutant 13% | Botlord-Tank 7% | Botlord-Sprinter 5% | Scavenger-Sprinter 4% | Bothacker-Tank 4% | Scavenger-Gunner 3% | Sprinter 3% | Commander-Sprinter 3% | Commander-Gunner Dominant Class ---------------- Mutant | -10/Materials Mutant | -10/Mines Gunner | -9/Materials Gunner | -9/Storage Commander-Gunner | -9/Garrison Gunner | -8/Materials Scavenger-Gunner | -8/Garrison Scavenger-Gunner | -8/Materials Gunner | -8/Garrison Scavenger-Sprinter | -7/Factory Scavenger-Sprinter | -7/Waste Sprinter | -7/Factory Sprinter | -7/Garrison Commander-Sprinter | -6/Factory Commander-Sprinter | -6/Garrison Botlord-Gunner | -5/Factory Bothacker-Tank | -5/Waste Bothacker-Tank | -5/Factory Botlord-Tank | -5/Garrison Botlord-Gunner | -4/Factory Botlord-Tank | -4/Waste Botlord-Tank | -4/Factory Botlord-Gunner | -4/Garrison Botlord-Gunner | -3/Research Botlord-Tank | -3/Garrison Botlord-Gunner | -2/Research Botlord-Sprinter | -2/Garrison Botlord-Sprinter | -1/Access Botlord-Sprinter | -1/Garrison Botlord-Sprinter | -1/Access Resources | -11 -10 -10 -9 -9 -9 -8 -8 -8 -8 -7 -7 -7 -7 -6 -6 -5 -5 -5 -5 -4 -4 -4 -4 -3 -3 -2 -2 -1 -1 -1 ----------- Run | Yrd Mat Min Mat Sto Gar Mat Gar Mat Gar Fac Was Fac Gar Fac Gar Fac Was Fac Gar Fac Was Fac Gar Res Gar Res Gar Acc Gar Acc Matter Collected 21914 | 303 879 155 1244 640 828 1102 765 300 672 532 232 377 1390 . 804 451 264 723 1697 396 274 419 1393 695 1153 843 1615 . 263 1505 Remotely 1087 | . . . . . . . 315 100 672 . . . . . . . . . . . . . . . . . . . . . Salvage Created 27244 | 122 711 414 1558 1630 943 1598 414 211 367 488 122 681 1891 . 727 794 124 897 2217 742 687 1095 2578 885 1211 689 1807 . 26 1615 Parts 1289 | 9 35 13 94 91 59 81 30 10 19 16 3 42 96 . 39 28 4 43 110 36 14 57 101 39 34 42 57 . 1 86 Haulers Intercepted 25 | . 1 . 6 6 . 3 . . . 4 . 2 . . . 2 . . . . . . . 1 . . . . . . Recyclers Shooed 16 | . 1 3 1 . . . . . . . . 1 . . . 2 . 1 . 3 . 2 . 1 . . . . . 1 Parts Field Recycled . | . . . . . . . . . . . . . . . . . . . . . . . . . . . . . . . Retrieved Matter . | . . . . . . . . . . . . . . . . . . . . . . . . . . . . . . . Parts Self-Destructed . | . . . . . . . . . . . . . . . . . . . . . . . . . . . . . . . Prevented . | . . . . . . . . . . . . . . . . . . . . . . . . . . . . . . . Parts Restored . | . . . . . . . . . . . . . . . . . . . . . . . . . . . . . . . Kills | -11 -10 -10 -9 -9 -9 -8 -8 -8 -8 -7 -7 -7 -7 -6 -6 -5 -5 -5 -5 -4 -4 -4 -4 -3 -3 -2 -2 -1 -1 -1 ------- Run | Yrd Mat Min Mat Sto Gar Mat Gar Mat Gar Fac Was Fac Gar Fac Gar Fac Was Fac Gar Fac Was Fac Gar Res Gar Res Gar Acc Gar Acc Combat Hostiles Destroyed 445 | . 13 11 26 19 20 33 23 5 12 3 . 7 39 . 13 7 . 12 37 8 . 25 31 8 46 10 18 . 1 18 Guns 310 | . 13 3 17 13 16 29 4 4 12 3 . 7 39 . 13 4 . 12 37 2 . 24 22 5 4 4 6 . 1 16 Cannons 76 | . . 6 3 6 . 4 8 1 . . . . . . . 3 . . . 4 . . 8 3 17 6 5 . . 2 AOE 56 | . . 2 6 . 4 . 11 . . . . . . . . . . . . 2 . . . . 24 . 7 . . . Classes Destroyed 23 | 2 4 1 5 1 2 2 1 . . . 1 . 1 . 1 . . . . . . . . . 2 . . . . . Worker 23 | . . . 3 3 . . . . . . . 2 . . . . . 6 . 1 . . . 5 . . . . . 3 Builder 15 | . . . 3 . . 3 . . . . . 1 . . . . . 1 . 3 . 2 . . . 2 . . . . Tunneler 6 | 3 . . 1 . . 1 . . . . . . . . . . . . . . . . . . . 1 . . . . Hauler 25 | . 1 . 6 6 . 3 . . . 4 . 2 . . . 2 . . . . . . . 1 . . . . . . Recycler 23 | 1 1 . 3 3 . 2 . . . 3 . 3 . . . 1 . . . 3 . . . . . . . . . 3 Mechanic 1 | . . . . 1 . . . . . . . . . . . . . . . . . . . . . . . . . . Operator 2 | . . . 1 1 . . . . . . . . . . . . . . . . . . . . . . . . . . Watcher 16 | . 3 . 5 2 . 1 . 1 1 . . . . . . . . . . . . 1 . 1 . 1 . . . . Swarmer 106 | . . 3 13 . 4 11 13 . 3 . . 1 3 . 2 . . . 18 3 . 15 . . 1 5 5 . 1 5 Cutter 2 | . . . . . . . . . . . . . . . 1 . . . 1 . . . . . . . . . . . Saboteur 4 | . . . . . . . 1 . . . . . . . 2 . . . . . . . 1 . . . . . . . Grunt 166 | . 12 8 4 8 10 13 7 2 7 2 . 5 21 . 4 4 . 6 6 1 . 3 10 5 12 5 7 . . 4 Brawler 3 | . . . . . . 1 . . . . . . 2 . . . . . . . . . . . . . . . . . Duelist 9 | . . . 1 1 1 1 . . 1 . . . . . . . . . . . . . 1 . . . 2 . . 1 Protector 1 | . . . . . . 1 . . . . . . . . . . . . . . . . . . . . . . . . Sentry 65 | . . . 8 10 3 6 2 1 . . . 1 8 . 3 2 . 2 3 1 . 4 8 . 2 . . . . 1 Specialist 9 | . . . . . 1 . . 2 1 . . . . . . . . . . . . . 2 . 2 . 1 . . . Hunter 15 | . . . . . . . . . . . . . 2 . . . . 3 1 . . . 5 3 1 . . . . . Programmer 36 | . . . . . 1 . . . . 1 . . 3 . 1 1 . 1 7 3 . 3 4 . . . 3 . . 8 Executioner 1 | . . . . . . . . . . . . . . . . . . . . . . . . . 1 . . . . . Subdweller 1 | . 1 . . . . . . . . . . . . . . . . . . . . . . . . . . . . . Assembled 27 | . . . . . . . . . . . . . . . . . . . . . . . . . 27 . . . . . Wasp 3 | . . . . . . . . . . . 2 . . . . . 1 . . . . . . . . . . . . . Thug 2 | . . . . . . . . . . . . . 1 . . . . . 1 . . . . . . . . . . . Butcher 1 | . . . . . 1 . . . . . . . . . . . . . . . . . . . . . . . . . Martyr 4 | . . . . . . . . . . . 2 . . . . . 2 . . . . . . . . . . . . . Best Kill Streak 18 | 4 4 3 5 6 7 5 7 3 5 3 . 3 5 . 5 2 . 4 10 6 . 6 7 12 18 8 7 . 1 6 Combat Bots Only 18 | . 2 3 4 4 7 5 7 2 5 2 . 2 5 . 5 2 . 4 10 3 . 5 7 5 18 5 7 . 1 6 Max Kills in Single Turn 5 | 1 1 1 4 2 3 2 3 2 2 1 1 3 2 . 3 1 1 2 2 5 . 2 1 2 3 3 4 . 1 2 Gunslinging 1 | . . . . . 1 1 . . 1 . . . 1 . 1 . . 1 1 . . 1 . . . . . . . . Exploded 4 | . . 1 3 . 3 . 3 . . . . . . . . . . . . 2 . . . . 3 . 4 . . . Melee . | . . . . . . . . . . . . . . . . . . . . . . . . . . . . . . . Uniques/NPCs Destroyed . | . . . . . . . . . . . . . . . . . . . . . . . . . . . . . . . Combat | -11 -10 -10 -9 -9 -9 -8 -8 -8 -8 -7 -7 -7 -7 -6 -6 -5 -5 -5 -5 -4 -4 -4 -4 -3 -3 -2 -2 -1 -1 -1 -------- Run | Yrd Mat Min Mat Sto Gar Mat Gar Mat Gar Fac Was Fac Gar Fac Gar Fac Was Fac Gar Fac Was Fac Gar Res Gar Res Gar Acc Gar Acc Hostile Shots Fired 1866 | . 68 64 105 51 67 117 64 20 34 32 . 10 119 . 13 17 . 41 153 35 . 122 140 117 234 40 67 . 20 116 Missed 588 | . 12 17 24 13 21 26 27 9 5 25 . 7 48 . 2 8 . 6 41 9 . 38 39 43 91 12 34 . 4 27 Hits 1278 | . 56 47 81 38 46 91 37 11 29 7 . 3 71 . 11 9 . 35 112 26 . 84 101 74 143 28 33 . 16 89 Melee 13 | . . . . . 1 2 1 . . . . . . . . . . . 2 . . . 4 . 3 . . . . . Projectile 1265 | . 56 47 81 38 45 89 36 11 29 7 . 3 71 . 11 9 . 35 110 26 . 84 97 74 140 28 33 . 16 89 AOE 4 | . . . . 1 . . . . . . . . . . 3 . . . . . . . . . . . . . . . Critical Strikes 51 | . 2 1 1 . 2 6 4 . . 1 . . 2 . . . . . 4 1 . 4 4 3 8 . 2 . . 6 Actively Blocked 9 | . . . . . . . . . . . . . . . . . . . . . . . . . 8 . 1 . . . Part Disruptions 5 | . . . . . . . . . . . . . . . . . . . 1 . . 1 1 . . . . . . 2 Damage Taken 21393 | . 650 531 904 593 654 1381 501 136 245 85 70 28 750 68 242 252 58 683 1943 470 . 1731 1765 1464 2317 630 741 . 444 2057 Core 2013 | . 102 65 145 65 128 165 54 . 31 . 35 11 91 37 20 6 . 41 218 . . 68 86 17 100 44 144 . 82 258 Absorbed by Shields 889 | . . . . . 130 . . . 125 . . . 129 . 47 . . . 121 . . . 262 . 4 . 71 . . . Regen/Repaired (Parts) 966 | . 249 . 65 . . . . . . . 45 . 241 . 26 . 1 2 . . . . . . . 183 . . . 154 Core Remaining (%) 71 | 100 . 33 . . 15 . . . 54 . . . 80 . 93 . . . 73 . . . 86 . 91 . 87 . . 78 Volleys Fired 1729 | 11 73 34 75 65 58 64 35 18 17 10 163 13 108 1 85 27 37 36 119 44 11 56 116 27 93 39 146 . 23 125 Largest 5 | 2 2 2 4 4 4 4 4 4 4 4 1 4 4 1 4 4 1 4 4 4 4 4 4 4 4 5 5 . 3 5 Hottest 393 | 70 70 120 205 236 100 130 126 126 112 114 55 114 119 5 129 219 113 139 132 352 297 297 393 393 336 373 280 . 99 252 Shots Fired 4063 | 22 137 61 267 209 201 247 98 41 62 37 163 52 273 1 155 69 38 121 295 71 44 184 311 102 191 90 230 . 27 264 Gun 2955 | 22 137 18 198 115 194 222 61 24 62 36 138 52 245 . 113 45 1 113 267 23 44 165 221 59 62 30 106 . 7 175 Cannon 714 | . . 36 58 82 2 25 32 13 . . . . . . . 20 29 2 4 42 . 16 86 42 95 45 34 . . 51 Launcher 50 | . . 7 6 . 2 . 5 . . . . . . . . . . . . 1 . . . . 24 . 5 . . . Special 344 | . . . 5 12 3 . . 4 . 1 25 . 28 1 42 4 8 6 24 5 . 3 4 1 10 15 85 . 20 38 Kinetic 2591 | 11 74 9 196 115 194 247 93 37 62 36 . 52 245 . 113 45 1 113 271 23 11 72 128 59 64 38 100 . 7 175 Thermal 1086 | 11 63 45 65 94 5 . . . . . 13 . . . 33 20 29 2 16 42 33 109 178 42 93 37 105 . . 51 Explosive 43 | . . . 6 . 2 . 5 . . . . . . . . . . . . 1 . . . . 24 . 5 . . . Electromagnetic 146 | . . 7 . . . . . . . . 138 . . . . . . . . . . . 1 . . . . . . . Robot Hit Streak 43 | 4 11 7 26 15 22 18 26 31 7 15 26 5 20 2 25 15 4 8 29 7 15 7 35 8 14 13 43 . 3 11 Robot Miss Streak 13 | 2 3 3 8 3 3 4 2 6 10 3 3 5 7 . 13 5 2 5 6 6 1 5 3 4 6 2 5 . 3 6 Penetration Max 2 | . . . . . . . . . . . . 1 1 . 1 1 . 2 1 1 . 1 1 1 1 2 1 . . 1 Secondary Targets 52 | . . . 1 . 5 4 1 1 3 . . 2 8 . 2 1 . 3 7 . . 7 3 . . . 1 . . 3 Max Gunslinging Chain 2 | . . . 1 . 1 1 1 1 1 . . 1 1 . 1 1 . 2 1 . . 2 1 . . . 1 . . 1 Shots Hit Robots 2422 | 11 84 39 131 103 148 152 51 22 51 27 114 26 186 1 101 35 21 70 170 38 21 93 225 44 95 56 162 . 14 131 Core Hits 1350 | 4 37 15 66 46 47 66 31 22 67 22 17 41 174 . 79 20 7 43 91 24 7 47 86 27 86 24 103 . 2 49 Critical Kills 42 | . . . 1 . . . . . . . . . 1 . 2 3 . 4 10 . . . 5 3 4 3 . . . 6 Critical Parts Destroyed 39 | . . . 1 . . 1 . . . 1 . . 1 . 3 1 . 9 7 . . . 5 2 2 1 1 . . 4 Critical Strikes 101 | 1 2 . 2 . . 3 . . . 1 . . 2 . 6 4 . 13 19 1 . 1 13 5 6 4 8 . . 10 Burn 7 | 1 2 . . . . . . . . . . . . . . . . . . . . 1 2 . . . 1 . . . Meltdown 3 | . . . . . . . . . . . . . . . . . . . . . . . 1 . 2 . . . . . Destroy 77 | . . . 2 . . 1 . . . . . . 2 . 5 4 . 13 17 . . . 9 5 4 4 1 . . 10 Blast 5 | . . . . . . 2 . . . . . . . . . . . . . 1 . . 1 . . . 1 . . . Smash 1 | . . . . . . . . . . 1 . . . . . . . . . . . . . . . . . . . . Sever 8 | . . . . . . . . . . . . . . . 1 . . . 2 . . . . . . . 5 . . . Melee Attacks 86 | . . . . . 22 4 . 3 1 23 3 2 . . . . . . . . . . 22 . 3 . . . 3 . Impact 36 | . . . . . . 4 . 3 1 23 3 2 . . . . . . . . . . . . . . . . . . Slashing 7 | . . . . . 7 . . . . . . . . . . . . . . . . . . . . . . . . . Piercing . | . . . . . . . . . . . . . . . . . . . . . . . . . . . . . . . Sneak Attacks 48 | . . . . . 15 2 . . . 3 3 . . . . . . . . . . . 22 . 3 . . . . . Combat Hostiles . | . . . . . . . . . . . . . . . . . . . . . . . . . . . . . . . Follow-up Attacks . | . . . . . . . . . . . . . . . . . . . . . . . . . . . . . . . Damage Inflicted 59624 | 113 1077 847 2620 1922 2362 3114 1897 332 850 925 450 637 3410 . 1908 801 691 1572 3868 2032 610 2839 5829 1768 7017 1529 5294 . 83 3227 Guns 34506 | 113 1040 97 1625 1000 1718 2549 517 282 847 466 73 637 3410 . 1377 455 26 1506 3533 332 610 2648 3691 584 707 401 1769 . 83 2410 Cannons 13351 | . . 490 621 898 . 357 545 50 . . . . . . . 327 665 . 72 1239 . 191 2138 1184 1990 1128 922 . . 534 Explosions 8410 | . . 244 368 . 246 . 835 . . . 69 . . . . . . . . 461 . . . . 4320 . 1596 . . 271 Melee 1263 | . . . . . 398 195 . . . 459 211 . . . . . . . . . . . . . . . . . . . Ramming 184 | . 37 16 6 . . 13 . . 3 . . . . . . 19 . 66 12 . . . . . . . . . . 12 Kinetic 31023 | 25 575 61 1610 1000 1718 2906 1062 332 847 466 . 637 3410 . 1377 455 26 1506 3605 677 87 1014 1727 584 707 540 1576 . 83 2410 Thermal 18740 | 88 465 526 636 922 . . . . . . 166 . . . 531 327 665 . 251 894 523 1825 4102 1184 1990 989 2122 . . 534 Explosive 8097 | . . . 368 . 246 . 835 . . . . . . . . . . . . 461 . . . . 4320 . 1596 . . 271 Electromagnetic 317 | . . 244 . . . . . . . . 73 . . . . . . . . . . . . . . . . . . . Impact 865 | . . . . . . 195 . . . 459 211 . . . . . . . . . . . . . . . . . . . Slashing 398 | . . . . . 398 . . . . . . . . . . . . . . . . . . . . . . . . . Piercing . | . . . . . . . . . . . . . . . . . . . . . . . . . . . . . . . Highest Corruption 11 | . 1 1 . . 2 4 4 4 4 . . . . 2 2 6 6 6 11 2 2 6 9 . 2 . 3 . . 5 Average Corruption 3 | . 1 1 . . 1 4 4 4 4 . . . . 2 2 6 6 3 6 1 2 4 8 . 2 . 2 . . 2 Corruption Purged 3 | . . . . . . . . . . . . . . . . . . 3 . . . . . . . . . . . . Corruption Blocked . | . . . . . . . . . . . . . . . . . . . . . . . . . . . . . . . Effects 383 | . 24 7 . . 9 4 17 14 17 . . . . . 18 3 23 17 62 . 7 23 90 . 4 . 29 . . 15 Message Errors 85 | . 5 1 . . 1 1 2 3 7 . . . . . 4 1 2 3 16 . 3 2 24 . 2 . 7 . . 1 Matter Fused 85 | . 8 . . . 1 . 2 3 5 . . . . . 4 . 9 6 17 . 2 3 15 . . . 7 . . 3 Heat Flow Errors 54 | . 3 3 . . 3 . 5 3 2 . . . . . 4 . 3 3 5 . 1 3 12 . . . 2 . . 2 Energy Discharges 28 | . 2 1 . . . 1 2 . 1 . . . . . . . . . 4 . . 4 7 . . . 5 . . 1 Parts Rejected 2 | . . . . . . . . . . . . . . . . . . . . . . . 1 . . . . . . 1 Parts Fused 6 | . . . . . 1 . . 2 . . . . . . . . . . . . . . 3 . . . . . . . Data Loss (minor) 57 | . 3 2 . . 1 . 1 . 1 . . . . . 3 1 4 3 9 . 1 7 15 . 1 . 3 . . 2 Data Loss (major) 17 | . . . . . 1 . 1 . 1 . . . . . 1 . . . 4 . . 1 5 . . . 3 . . . Misfires 25 | . 2 . . . . 1 2 3 . . . . . . 1 1 2 1 2 . . 2 3 . 1 . 2 . . 2 Alerts 8 | . 1 . . . . . 1 . . . . . . . 1 . 2 1 . . . . 2 . . . . . . . Weapon Failures 16 | . . . . . 1 1 1 . . . . . . . . . 1 . 5 . . 1 3 . . . . . . 3 Overload Shots . | . . . . . . . . . . . . . . . . . . . . . . . . . . . . . . . Overflow Damage 1438 | . . 28 58 5 78 106 80 . . 204 92 . . . . 9 27 . . 144 . . 29 45 284 56 143 . . 50 Projectiles 447 | . . . 17 5 . 20 . . . . . . . . . 9 27 . . 94 . . 29 45 80 56 44 . . 21 Explosions 577 | . . 28 41 . 46 . 80 . . . . . . . . . . . . 50 . . . . 204 . 99 . . 29 Melee 414 | . . . . . 32 86 . . . 204 92 . . . . . . . . . . . . . . . . . . . Knockbacks 23 | . . . . . . 2 4 . . 4 3 . . . . 1 . 1 . 2 . . 1 . . 1 4 . . . Impact 10 | . . . . . . 1 . . . 4 3 . . . . 1 . 1 . . . . . . . . . . . . Kinetic 12 | . . . . . . 1 4 . . . . . . . . . . . . 2 . . 1 . . 1 3 . . . Secondary 1 | . . . . . . . . . . . . . . . . . . . . . . . . . . . 1 . . . Self-Inflicted Damage 160 | . . 11 . . . 6 . . . . 70 . . . . . . . . . . . . . 68 . . . . 5 Shots 6 | . . 1 . . . . . . . . 1 . . . . . . . . . . . . . 4 . . . . . Rammed 18 | . 5 2 1 . . 1 . . 1 . . . . . . 2 . 3 1 . . . . . . . . . . 2 Targets Rammed 20 | . 5 2 1 . . 1 . . 1 . . . . . . 2 . 5 1 . . . . . . . . . . 2 Kicked . | . . . . . . . . . . . . . . . . . . . . . . . . . . . . . . . Crushed 2 | . . . . . . . . . . . . . . . . . . 2 . . . . . . . . . . . . Highest Temperature 397 | 56 302 209 224 309 269 259 193 259 261 159 273 256 397 102 352 281 173 328 303 356 200 349 227 319 374 212 317 40 74 312 Average Temperature 79 | 19 73 73 63 107 42 93 53 83 76 57 112 73 96 52 89 92 49 99 85 147 85 84 56 119 75 51 85 18 24 73 Received Heat Transfer 3925 | . 393 171 222 222 127 621 270 18 89 15 . 12 320 . 56 60 9 36 260 30 . 262 224 172 179 36 67 . 18 36 Effects 26 | . . . . 2 . . . . . . . . 7 . 1 . . 3 1 . . 1 . 7 1 . 3 . . . Shutdowns 4 | . . . . . . . . . . . . . 2 . 1 . . . . . . . . . 1 . . . . . Energy Bleed 5 | . . . . 1 . . . . . . . . 2 . . . . . 1 . . . . 1 . . . . . . Interference 16 | . . . . 1 . . . . . . . . 2 . . . . 3 . . . 1 . 6 . . 3 . . . Short Circuit 1 | . . . . . . . . . . . . . 1 . . . . . . . . . . . . . . . . . Siege Activations . | . . . . . . . . . . . . . . . . . . . . . . . . . . . . . . . Martial Activations . | . . . . . . . . . . . . . . . . . . . . . . . . . . . . . . . Shielding Activations . | . . . . . . . . . . . . . . . . . . . . . . . . . . . . . . . Robots Disrupted 1 | . . . . . . . . . . . 1 . . . . . . . . . . . . . . . . . . . Combat Hostiles 1 | . . . . . . . . . . . 1 . . . . . . . . . . . . . . . . . . . Robots Corrupted 5 | . . . . . . 1 . . . 2 2 . . . . . . . . . . . . . . . . . . . Combat Hostiles . | . . . . . . . . . . . . . . . . . . . . . . . . . . . . . . . Parts Fried 11 | . . 2 . . . 1 . . . 3 4 . . . . . . 1 . . . . . . . . . . . . Impact Corruptions 13 | . . . . . . 3 . . . 7 2 . . . . . . 1 . . . . . . . . . . . . Robots Melted 5 | . . . . . . . . . . . . . . . 1 . . . . . . 1 1 . 2 . . . . . Combat Hostiles 4 | . . . . . . . . . . . . . . . . . . . . . . 1 1 . 2 . . . . . Parts Melted 39 | . 3 3 . 3 1 . . . . . . 2 1 . 1 . . . . 2 . 3 12 . . 2 3 . . 3 Heat Transferred 24717 | 333 1517 1110 1332 1678 . . . . . . 272 . . . 1147 296 629 . 555 851 666 2331 4437 1036 1606 851 3626 . . 444 Parts Sabotaged 7 | . . . . . . . 3 . . . . . . . . . . . . . . . 4 . . . . . . . Parts Stolen . | . . . . . . . . . . . . . . . . . . . . . . . . . . . . . . . Parts Stripped . | . . . . . . . . . . . . . . . . . . . . . . . . . . . . . . . Power Chain Reactions 1 | . . . . . . . . . . . 1 . . . . . . . . . . . . . . . . . . . Alert | -11 -10 -10 -9 -9 -9 -8 -8 -8 -8 -7 -7 -7 -7 -6 -6 -5 -5 -5 -5 -4 -4 -4 -4 -3 -3 -2 -2 -1 -1 -1 ------- Run | Yrd Mat Min Mat Sto Gar Mat Gar Mat Gar Fac Was Fac Gar Fac Gar Fac Was Fac Gar Fac Was Fac Gar Res Gar Res Gar Acc Gar Acc Maximum Alert Level 5 | . . . 1 1 4 3 4 2 2 2 . 1 4 3 5 3 1 2 3 2 . 1 4 3 4 3 4 2 3 2 Low Security (%) 37 | 100 100 100 82 86 6 . . . . . 100 55 . . . . 73 10 11 . 100 97 6 . . . . . . . Level 1 12 | . . . 17 13 24 . . . 30 95 . 44 8 . . . 26 48 16 31 . 2 17 . . . 6 . . 16 Level 2 21 | . . . . . 27 59 12 100 69 4 . . 37 . 10 23 . 40 33 68 . . 36 . 10 8 16 100 27 83 Level 3 20 | . . . . . 34 40 74 . . . . . 19 100 10 76 . . 37 . . . 32 100 26 91 49 . 72 . Level 4 8 | . . . . . 6 . 12 . . . . . 33 . 61 . . . . . . . 7 . 63 . 27 . . . Level 5 . | . . . . . . . . . . . . . . . 17 . . . . . . . . . . . . . . . High Security . | . . . . . . . . . . . . . . . . . . . . . . . . . . . . . . . Max Security . | . . . . . . . . . . . . . . . . . . . . . . . . . . . . . . . Peak Influence 1638 | 10 85 70 365 235 1137 1007 1247 620 596 408 142 393 1434 752 1638 924 284 515 1042 546 166 207 1295 914 1409 801 1161 696 888 535 Initial 859 | . . . . 149 60 553 648 607 337 312 142 . 256 752 498 859 284 7 193 546 166 . 132 728 644 789 342 696 548 532 Average 475 | 1 18 16 119 152 617 711 955 549 478 346 32 198 862 735 1343 777 141 345 632 436 48 78 615 822 1113 737 880 695 728 444 Influence Increases 17412 | 20 445 270 980 705 1367 922 629 138 299 309 4 713 1288 . 1220 677 88 1072 939 223 14 447 1343 439 841 221 859 . 370 570 Destroy 0b10 Robot/C 8320 | . 240 220 520 380 800 640 465 75 195 45 . 225 705 . 510 315 . 405 492 96 . 300 492 180 228 120 348 . 96 228 Destroy 0b10 Robot/NC 614 | 20 25 . 110 80 15 55 . 4 4 28 . 40 4 . 8 28 . 40 18 21 . 9 15 24 3 12 33 . . 18 Destroy Leader 1242 | . 58 50 162 146 30 148 18 26 8 24 . 54 32 . 32 62 . 108 24 24 . 62 36 40 18 8 18 . 6 48 Allied During Kill 2000 | . . . . . 216 . 4 3 5 . . 155 295 . 320 154 . 452 34 . . . 80 87 3 2 86 . 95 9 Successful Hack 369 | . 44 . 22 25 35 8 14 8 11 39 . 26 11 . . . . 27 9 15 . 4 . 15 8 30 9 . 9 . Select Force Hacks 45 | . 30 . . . . . . . . 15 . . . . . . . . . . . . . . . . . . . . Disable Machine 444 | . . . 30 45 . 30 12 . . 24 . 24 . . 24 36 . 12 9 9 . 9 81 9 9 . 27 . . 54 Anti-Garrison Action 2214 | . . . . . 250 . 38 . 76 . . 113 152 . 265 . . . 240 . . . 540 . 240 . 210 . 90 . Destroy Structure 1384 | . 3 . 31 14 21 11 18 10 . 14 4 4 17 . 49 70 88 28 41 58 14 54 63 84 332 40 128 . 74 114 Partial Spotted 123 | . . . . . . . . 12 . 48 . 24 12 . . . . . . . . . . . . . . . . 27 Lose Combat Pursuer 657 | . 45 . 105 15 . 30 60 . . 72 . 48 60 . 12 12 . . 72 . . 9 36 . . 9 . . . 72 Influence Decreases 16950 | 20 445 270 625 967 323 1062 379 866 222 498 411 346 221 722 294 1503 890 806 173 790 489 258 237 875 295 1169 155 475 168 996 Entered New Map 8277 | . . . . 206 33 584 349 640 182 284 265 . 111 682 214 779 528 3 83 496 309 . 57 567 215 616 115 465 138 356 Time Decay 5828 | 20 445 270 465 601 . 398 . 206 . 214 146 206 . 30 . 474 302 403 . 294 180 258 . 198 . 238 . 10 . 470 Lost Part 360 | . . . 10 10 30 80 10 . . . . . . 10 . . . 10 . . . . . 10 20 20 30 . 30 90 Lost Ally 1610 | . . . . . 260 . 20 20 40 . . 140 110 . 80 100 60 240 90 . . . 180 100 60 20 10 . . 80 Purge Threat 875 | . . . 150 150 . . . . . . . . . . . 150 . 150 . . . . . . . 275 . . . . Squads Dispatched 65 | . 3 . 1 2 . 8 . 5 . 5 . 6 . . . 10 . 4 . 4 . 3 . 4 . 3 . . . 7 Investigation 14 | . 2 . . 1 . 2 . 1 . 2 . 1 . . . . . 2 . . . . . 2 . 1 . . . . Extermination 13 | . . . . . . . . . . 2 . 1 . . . 1 . 2 . 2 . 2 . . . 1 . . . 2 Reinforcement 18 | . 1 . 1 1 . 3 . 2 . 1 . 1 . . . 1 . . . 2 . 1 . 1 . 1 . . . 2 Assault 9 | . . . . . . 1 . . . . . 2 . . . 5 . . . . . . . 1 . . . . . . Garrison 11 | . . . . . . 2 . 2 . . . 1 . . . 3 . . . . . . . . . . . . . 3 Intercept . | . . . . . . . . . . . . . . . . . . . . . . . . . . . . . . . Searches Triggered . | . . . . . . . . . . . . . . . . . . . . . . . . . . . . . . . Unchained Authorized 1 | . . . . . . . . . . . . . . . . . . . . . . . . . . . . . . 1 Construction Impeded . | . . . . . . . . . . . . . . . . . . . . . . . . . . . . . . . Haulers Reinforced 4 | . . . . . . . . . . . . . . . . 1 . . . 1 . . . 1 . . . . . 1 Active Scanning Responses . | . . . . . . . . . . . . . . . . . . . . . . . . . . . . . . . Cargo Convoy Interrupts 1 | . . . . . . . . . . . . . . . . 1 . . . . . . . . . . . . . . Stealth | -11 -10 -10 -9 -9 -9 -8 -8 -8 -8 -7 -7 -7 -7 -6 -6 -5 -5 -5 -5 -4 -4 -4 -4 -3 -3 -2 -2 -1 -1 -1 --------- Run | Yrd Mat Min Mat Sto Gar Mat Gar Mat Gar Fac Was Fac Gar Fac Gar Fac Was Fac Gar Fac Was Fac Gar Res Gar Res Gar Acc Gar Acc Distress Signals 27 | . . . 8 1 . 5 . 1 1 1 . 1 . . . . . 2 . 1 . 2 . 2 . . . . . 2 Communications Jammed . | . . . . . . . . . . . . . . . . . . . . . . . . . . . . . . . Distress Signals . | . . . . . . . . . . . . . . . . . . . . . . . . . . . . . . . Times Spotted 755 | . 22 11 35 21 35 45 24 12 14 17 5 25 52 . 30 30 6 29 50 15 . 30 42 14 75 21 30 . 22 43 Peak Tracking Total 11 | . 4 3 5 3 7 6 7 3 5 7 3 8 6 . 7 9 2 5 8 5 . 6 8 4 11 5 6 . 8 5 Tactical Retreats 45 | . 2 . 7 1 . 2 1 . . 5 . 2 3 . 1 1 . . 6 . . 1 3 . 5 1 . . . 4 Traps | -11 -10 -10 -9 -9 -9 -8 -8 -8 -8 -7 -7 -7 -7 -6 -6 -5 -5 -5 -5 -4 -4 -4 -4 -3 -3 -2 -2 -1 -1 -1 ------- Run | Yrd Mat Min Mat Sto Gar Mat Gar Mat Gar Fac Was Fac Gar Fac Gar Fac Was Fac Gar Fac Was Fac Gar Res Gar Res Gar Acc Gar Acc Traps Triggered 64 | . 2 . . 5 4 1 . . 1 1 . . 7 1 9 1 . . 8 1 . 1 7 1 4 2 6 . 1 1 Indirectly . | . . . . . . . . . . . . . . . . . . . . . . . . . . . . . . . Trap Hack Attempts . | . . . . . . . . . . . . . . . . . . . . . . . . . . . . . . . Triggered . | . . . . . . . . . . . . . . . . . . . . . . . . . . . . . . . Disarmed . | . . . . . . . . . . . . . . . . . . . . . . . . . . . . . . . Reprogrammed . | . . . . . . . . . . . . . . . . . . . . . . . . . . . . . . . Reused . | . . . . . . . . . . . . . . . . . . . . . . . . . . . . . . . Traps Extracted . | . . . . . . . . . . . . . . . . . . . . . . . . . . . . . . . Installed . | . . . . . . . . . . . . . . . . . . . . . . . . . . . . . . . Triggered . | . . . . . . . . . . . . . . . . . . . . . . . . . . . . . . . Machines | -11 -10 -10 -9 -9 -9 -8 -8 -8 -8 -7 -7 -7 -7 -6 -6 -5 -5 -5 -5 -4 -4 -4 -4 -3 -3 -2 -2 -1 -1 -1 ---------- Run | Yrd Mat Min Mat Sto Gar Mat Gar Mat Gar Fac Was Fac Gar Fac Gar Fac Was Fac Gar Fac Was Fac Gar Res Gar Res Gar Acc Gar Acc Machines Disabled 78 | . . . 2 3 2 2 2 . 1 2 . 3 4 . 8 3 . 1 6 1 . 1 14 1 5 . 8 . 3 6 Max in Single Turn 1 | . . . 1 1 1 1 1 . 1 1 . 1 1 . 1 1 . 1 1 1 . 1 1 . 1 . 1 . 1 1 Garrison Access 1 | . . . . . . . . . . . . 1 . . . . . . . . . . . . . . . . . . Garrison Relay 32 | . . . . . 2 . 1 . 1 . . . 4 . 5 . . . 5 . . . 5 . 3 . 5 . 1 . Phase Generator 1 | . . . . . . . . . . . . . . . . . . . . . . . . . . . . . 1 . Machines Repaired . | . . . . . . . . . . . . . . . . . . . . . . . . . . . . . . . Machines Dismantled 5 | . . . . . . . . . . . . 1 . . 1 . . . . . . . 1 . . . . . . 2 Machines Sabotaged . | . . . . . . . . . . . . . . . . . . . . . . . . . . . . . . . Overloaded Fab Kills . | . . . . . . . . . . . . . . . . . . . . . . . . . . . . . . . Hacking | -11 -10 -10 -9 -9 -9 -8 -8 -8 -8 -7 -7 -7 -7 -6 -6 -5 -5 -5 -5 -4 -4 -4 -4 -3 -3 -2 -2 -1 -1 -1 --------- Run | Yrd Mat Min Mat Sto Gar Mat Gar Mat Gar Fac Was Fac Gar Fac Gar Fac Was Fac Gar Fac Was Fac Gar Res Gar Res Gar Acc Gar Acc Machines Accessed 114 | . 10 . 11 13 5 4 1 2 1 13 . 10 1 2 3 3 . 8 3 2 . 7 3 4 1 4 1 1 1 . Terminals 77 | . 7 . 7 11 5 2 1 . 1 8 . 7 1 1 3 3 . 4 3 1 . 3 3 2 1 1 1 . 1 . Fabricators 6 | . . . . . . . . . . 2 . 1 . . . . . 2 . 1 . . . . . . . . . . Repair Stations 7 | . 1 . 2 1 . . . . . 1 . . . . . . . . . . . 1 . . . 1 . . . . Recycling Units 6 | . 2 . 2 . . . . . . . . . . . . . . . . . . 2 . . . . . . . . Scanalyzers 7 | . . . . . . 1 . 1 . 2 . . . . . . . 1 . . . . . 1 . 1 . . . . Garrison Access 11 | . . . . 1 . 1 . 1 . . . 2 . 1 . . . 1 . . . 1 . 1 . 1 . 1 . . Total Hacks 275 | . 29 . 26 31 11 10 1 12 3 31 . 34 1 4 4 7 . 18 5 4 . 15 6 6 2 8 2 2 3 . Successful 135 | . 16 . 16 14 5 3 1 10 1 17 . 17 1 1 3 4 . 5 1 2 . 6 . 2 1 6 1 1 1 . Failed 138 | . 13 . 10 17 6 7 . 1 2 13 . 17 . 3 1 3 . 13 4 2 . 9 6 4 1 2 1 1 2 . Catastrophic 39 | . 1 . 3 4 3 1 . . . 6 . 3 . 2 1 . . 5 1 1 . 2 2 1 1 . . 1 1 . Database Lockouts 2 | . . . . . . . . 1 . 1 . . . . . . . . . . . . . . . . . . . . Manual 95 | . 18 . 16 5 2 6 . 1 . 4 . 21 . 1 1 . . 8 . 1 . 6 . 2 . 2 . 1 . . Terminals 180 | . 18 . 18 27 11 5 1 . 3 15 . 27 1 2 4 7 . 10 5 2 . 6 6 3 2 2 2 . 3 . Fabricators 10 | . . . . . . . . . . 3 . 1 . . . . . 4 . 2 . . . . . . . . . . Repair Stations 18 | . 6 . 6 1 . . . . . 1 . . . . . . . . . . . 2 . . . 2 . . . . Recycling Units 12 | . 5 . 2 . . . . . . . . . . . . . . . . . . 5 . . . . . . . . Scanalyzers 30 | . . . . . . 2 . 10 . 12 . . . . . . . 2 . . . . . 1 . 3 . . . . Garrison Access 25 | . . . . 3 . 3 . 2 . . . 6 . 2 . . . 2 . . . 2 . 2 . 1 . 2 . . Terminal Hacks 57 | . 4 . 4 11 4 . 1 . 1 4 . 9 1 . 2 4 . 3 1 1 . 2 . 1 1 1 1 . 1 . Part Schematic 5 | . 2 . . 2 . . . . . . . 1 . . . . . . . . . . . . . . . . . . Robot Analysis 4 | . 2 . . 1 . . . . . . . . . . . . . . . . . . . 1 . . . . . . Prototype ID Bank 8 | . . . 2 1 . . . . . . . 3 . . . 1 . . . . . 1 . . . . . . . . Open Door 4 | . . . . 3 1 . . . . . . . . . . . . . . . . . . . . . . . . . Branch Access Points 2 | . . . 1 . . . . . . . . 1 . . . . . . . . . . . . . . . . . . Emergency Access Points 4 | . . . . . 1 . . . . . . . 1 . 1 . . . . . . . . . . . 1 . . . Terminal Index 1 | . . . . . . . . . . 1 . . . . . . . . . . . . . . . . . . . . Garrison Index 1 | . . . . . . . . . . . . 1 . . . . . . . . . . . . . . . . . . Unreport Threat 4 | . . . 1 1 . . . . . . . . . . . 1 . 1 . . . . . . . . . . . . Locate Traps 12 | . . . . 3 . . . . . 2 . 2 . . . 2 . 1 . 1 . 1 . . . . . . . . Hauler Manifests 1 | . . . . . . . . . . . . 1 . . . . . . . . . . . . . . . . . . Zone Layout 3 | . . . . . . . . . . 1 . . . . . . . 1 . . . . . . . 1 . . . . Garrison Registry 4 | . . . . . 1 . 1 . 1 . . . . . . . . . . . . . . . . . . . 1 . Patrol Navigation 3 | . . . . . 1 . . . . . . . . . 1 . . . 1 . . . . . . . . . . . Security Stations 1 | . . . . . . . . . . . . . . . . . . . . . . . . . 1 . . . . . Fabricator Hacks 3 | . . . . . . . . . . 1 . 1 . . . . . . . 1 . . . . . . . . . . Network Status 3 | . . . . . . . . . . 1 . 1 . . . . . . . 1 . . . . . . . . . . Repair Station Hacks 8 | . 4 . 4 . . . . . . . . . . . . . . . . . . . . . . . . . . . Scan Component 4 | . 2 . 2 . . . . . . . . . . . . . . . . . . . . . . . . . . . Repair 4 | . 2 . 2 . . . . . . . . . . . . . . . . . . . . . . . . . . . Recycling Unit Hacks 6 | . 2 . 2 . . . . . . . . . . . . . . . . . . 2 . . . . . . . . Retrieve Components 6 | . 2 . 2 . . . . . . . . . . . . . . . . . . 2 . . . . . . . . Scanalyzer 20 | . . . . . . . . 8 . 10 . . . . . . . . . . . . . . . 2 . . . . Insert Component 6 | . . . . . . . . 2 . 4 . . . . . . . . . . . . . . . . . . . . Analyze 6 | . . . . . . . . 2 . 4 . . . . . . . . . . . . . . . . . . . . Retrieve Study 8 | . . . . . . . . 4 . 2 . . . . . . . . . . . . . . . 2 . . . . Garrison Access Hacks 11 | . . . . 1 . 1 . 1 . . . 2 . 1 . . . 1 . . . 1 . 1 . 1 . 1 . . Unlock Access 11 | . . . . 1 . 1 . 1 . . . 2 . 1 . . . 1 . . . 1 . 1 . 1 . 1 . . Unauthorized Hacks 30 | . 6 . 6 2 1 2 . 1 . 2 . 5 . . 1 . . 1 . . . 1 . . . 2 . . . . Terminals 19 | . 5 . 6 1 1 1 . . . . . 4 . . 1 . . . . . . . . . . . . . . . Track 2 | . . . . . . 1 . . . . . . . . 1 . . . . . . . . . . . . . . . Assimilate 2 | . . . . . . . . . . . . 2 . . . . . . . . . . . . . . . . . . Botnet 3 | . . . . 1 . . . . . . . 2 . . . . . . . . . . . . . . . . . . Operators 1 | . . . 1 . . . . . . . . . . . . . . . . . . . . . . . . . . . Skim 10 | . 5 . 5 . . . . . . . . . . . . . . . . . . . . . . . . . . . Override 1 | . . . . . 1 . . . . . . . . . . . . . . . . . . . . . . . . . Fabricators 2 | . . . . . . . . . . 1 . . . . . . . 1 . . . . . . . . . . . . Liberate 1 | . . . . . . . . . . . . . . . . . . 1 . . . . . . . . . . . . Download 1 | . . . . . . . . . . 1 . . . . . . . . . . . . . . . . . . . . Repair Stations 3 | . . . . . . . . . . 1 . . . . . . . . . . . . . . . 2 . . . . Mechanics 2 | . . . . . . . . . . 1 . . . . . . . . . . . . . . . 1 . . . . Patch 1 | . . . . . . . . . . . . . . . . . . . . . . . . . . 1 . . . . Recycling Units 2 | . 1 . . . . . . . . . . . . . . . . . . . . 1 . . . . . . . . Mask 1 | . . . . . . . . . . . . . . . . . . . . . . 1 . . . . . . . . Tunnel 1 | . 1 . . . . . . . . . . . . . . . . . . . . . . . . . . . . . Scanalyzers . | . . . . . . . . . . . . . . . . . . . . . . . . . . . . . . . Garrison Access 4 | . . . . 1 . 1 . 1 . . . 1 . . . . . . . . . . . . . . . . . . Broadcast 1 | . . . . 1 . . . . . . . . . . . . . . . . . . . . . . . . . . Reprogram 3 | . . . . . . 1 . 1 . . . 1 . . . . . . . . . . . . . . . . . . Data Cores Recovered 1 | . . . . . . . . . . . . . . . . 1 . . . . . . . . . . . . . . Used 1 | . . . . . . . . . . . . . . . . 1 . . . . . . . . . . . . . . Hacking Detections 101 | . 10 . 8 11 5 4 1 2 1 11 . 9 1 2 2 3 . 8 2 2 . 7 3 4 1 2 . 1 1 . Full Trace Events 10 | . 1 . . 1 . 1 . . 1 1 . . . . . . . 1 1 . . . 1 . 1 . . . 1 . Feedback Events 2 | . 1 . . . . . . . . . . . . . . . . . 1 . . . . . . . . . . . Corruption 2 | . 1 . . . . . . . . . . . . . . . . . 1 . . . . . . . . . . . Feedback Blocked . | . . . . . . . . . . . . . . . . . . . . . . . . . . . . . . . Robot Schematics Acquired . | . . . . . . . . . . . . . . . . . . . . . . . . . . . . . . . Robots Built . | . . . . . . . . . . . . . . . . . . . . . . . . . . . . . . . Authchips . | . . . . . . . . . . . . . . . . . . . . . . . . . . . . . . . Time . | . . . . . . . . . . . . . . . . . . . . . . . . . . . . . . . Total Robot Build Rating . | . . . . . . . . . . . . . . . . . . . . . . . . . . . . . . . Part Schematics Acquired 12 | . 2 . . 2 . . . 2 . 5 . 1 . . . . . . . . . . . . . . . . . . Parts Built . | . . . . . . . . . . . . . . . . . . . . . . . . . . . . . . . Authchips . | . . . . . . . . . . . . . . . . . . . . . . . . . . . . . . . Time . | . . . . . . . . . . . . . . . . . . . . . . . . . . . . . . . Total Part Build Rating . | . . . . . . . . . . . . . . . . . . . . . . . . . . . . . . . Part Studies Acquired 7 | . . . . . . . . 4 . 1 . . . . . . . . . . . . . . . 2 . . . . Parts Repaired 4 | . 2 . 2 . . . . . . . . . . . . . . . . . . . . . . . . . . . Time 128 | . 52 . 76 . . . . . . . . . . . . . . . . . . . . . . . . . . . Parts Recycled . | . . . . . . . . . . . . . . . . . . . . . . . . . . . . . . . Recycled Matter . | . . . . . . . . . . . . . . . . . . . . . . . . . . . . . . . Retrieved Matter . | . . . . . . . . . . . . . . . . . . . . . . . . . . . . . . . Retrieved Components 31 | . 10 . 19 . . . . . . . . . . . . . . . . . . 2 . . . . . . . . Parts Scanalyzed 6 | . . . . . . . . 2 . 4 . . . . . . . . . . . . . . . . . . . . Part Schematics Acquired 6 | . . . . . . . . 2 . 4 . . . . . . . . . . . . . . . . . . . . Parts Damaged . | . . . . . . . . . . . . . . . . . . . . . . . . . . . . . . . Bothacking | -11 -10 -10 -9 -9 -9 -8 -8 -8 -8 -7 -7 -7 -7 -6 -6 -5 -5 -5 -5 -4 -4 -4 -4 -3 -3 -2 -2 -1 -1 -1 ------------ Run | Yrd Mat Min Mat Sto Gar Mat Gar Mat Gar Fac Was Fac Gar Fac Gar Fac Was Fac Gar Fac Was Fac Gar Res Gar Res Gar Acc Gar Acc Used RIF Installer 12 | . . . . . 2 . 1 . 1 . . . 1 . 1 . . . 2 . . . 1 . 1 . 1 . 1 . Coupler Efficiency 1 | . . . . . . . . . . . . . . . 1 . . . . . . . . . . . . . . . Hotswap 1 | . . . . . . . . . . . . . . . . . . . 1 . . . . . . . . . . . Command Fork 1 | . . . . . . . . . . . . . . . . . . . . . . . . . 1 . . . . . Threat Obfuscator 2 | . . . . . . . 1 . . . . . . . . . . . 1 . . . . . . . . . . . Zone Cloak 1 | . . . . . . . . . . . . . . . . . . . . . . . 1 . . . . . . . Robot Detection 1 | . . . . . . . . . . . . . . . . . . . . . . . . . . . 1 . . . Watcher Feeds 1 | . . . . . . . . . . . . . . . . . . . . . . . . . . . . . 1 . Patrol Navigation 1 | . . . . . . . . . 1 . . . . . . . . . . . . . . . . . . . . . Structural Interface 1 | . . . . . 1 . . . . . . . . . . . . . . . . . . . . . . . . . Program Shield 1 | . . . . . . . . . . . . . 1 . . . . . . . . . . . . . . . . . Robots Hacked 85 | . . . . . . . . 2 . 1 6 . 2 1 2 2 6 2 4 3 . 1 1 1 4 7 9 . 9 22 Non-combat 27 | . . . . . . . . 2 . 1 . . . 1 . 2 . 2 . 3 . 1 . 1 . 4 . . . 10 Combat 58 | . . . . . . . . . . . 6 . 2 . 2 . 6 . 4 . . . 1 . 4 3 9 . 9 12 Robot Hacks Applied 100 | . . . . . . . . 2 . 1 9 . 2 1 2 3 6 4 5 3 . 1 1 1 4 13 10 . 9 23 parse_system 9 | . . . . . . . . . . . 3 . 2 . . . . 1 1 . . . . . . . 2 . . . find_chute 3 | . . . . . . . . . . 1 . . . 1 . . . . . 1 . . . . . . . . . . drop_inventory 12 | . . . . . . . . . . . . . . . . 1 . 1 . 2 . 1 . 1 . 1 . . . 5 locate_stockpiles 2 | . . . . . . . . . . . . . . . . . . . . . . . . . . 1 . . . 1 purge_threat 2 | . . . . . . . . . . . . . . . . . . . . . . . . . . 2 . . . . block_reporting 1 | . . . . . . . . . . . . . . . . . . . . . . . . . . 1 . . . . map_route 3 | . . . . . . . . . . . . . . . . . . . . . . . . . . 1 . . . 2 ignore_targets 12 | . . . . . . . . . . . 6 . . . . . 6 . . . . . . . . . . . . . find_garrison 1 | . . . . . . . . . . . . . . . . . . . . . . . . . . 1 . . . . link_fov 1 | . . . . . . . . . . . . . . . . . . . . . . . . . . 1 . . . . amplify_resonance 15 | . . . . . . . . . . . . . . . 1 . . . 1 . . . . . 2 1 1 . 4 5 reboot_system 8 | . . . . . . . . . . . . . . . . . . . . . . . . . 1 1 . . 2 4 overwrite_iff 9 | . . . . . . . . . . . . . . . . . . . 2 . . . . . . 1 3 . 1 2 formatsys_low 8 | . . . . . . . . 2 . . . . . . . 1 . 2 . . . . . . . 1 . . . 2 formatsys_high 14 | . . . . . . . . . . . . . . . 1 1 . . 1 . . . 1 . 1 1 4 . 2 2 Relay Couplers Released 139 | . . . . . 9 . 4 . 5 . . 1 18 . 18 . . . 22 . . . 20 . 12 . 26 . 4 . Machine Destruction 131 | . . . . . 9 . 4 . 5 . . 1 18 . 18 . . . 18 . . . 20 . 12 . 22 . 4 . Programmers 8 | . . . . . . . . . . . . . . . . . . . 4 . . . . . . . 4 . . . Attached 28 | . . . . . . . . 1 . . 1 . 1 . 2 1 1 . 2 1 . . 1 1 3 3 9 . . 1 Fabnet Peak Effective % . | . . . . . . . . . . . . . . . . . . . . . . . . . . . . . . . Robots Rewired 33 | . . . . . 7 . . . . . 1 . 8 . 3 . . . . . . . 12 . 2 . . . . . Allies Hacked 11 | . . . . . 3 . . . . . . . 1 . . 2 . 3 1 . . . 1 . . . . . . . Hacks Repelled . | . . . . . . . . . . . . . . . . . . . . . . . . . . . . . . . Allies | -11 -10 -10 -9 -9 -9 -8 -8 -8 -8 -7 -7 -7 -7 -6 -6 -5 -5 -5 -5 -4 -4 -4 -4 -3 -3 -2 -2 -1 -1 -1 -------- Run | Yrd Mat Min Mat Sto Gar Mat Gar Mat Gar Fac Was Fac Gar Fac Gar Fac Was Fac Gar Fac Was Fac Gar Res Gar Res Gar Acc Gar Acc Total Allies 133 | . . . . 10 7 1 . 4 . . 20 2 10 . 6 2 19 5 5 . . . 16 . 3 3 9 . 4 7 Largest Group 20 | . . . . 10 10 . 1 4 3 . 20 16 13 9 9 7 19 12 3 . . . 6 6 3 1 5 5 8 2 Highest-Rated Group 684 | . . . . 88 154 . 15 51 35 . 616 518 442 346 383 265 684 436 175 . . . 435 435 317 58 341 341 634 116 Highest-Rated Ally 219 | . . . . 16 31 . 15 16 16 . 141 141 95 95 95 93 50 46 95 . . . 116 116 119 58 148 80 219 64 Total Orders 33 | . . . . 1 7 7 . . 3 . 5 . 1 . 3 1 . 1 . . . . 2 . . . . . . 2 STAY 5 | . . . . . 1 . . . . . 2 . 1 . . . . . . . . . 1 . . . . . . . ROAM 1 | . . . . . . . . . . . 1 . . . . . . . . . . . . . . . . . . . FOLLOW 7 | . . . . . 3 . . . 1 . 2 . . . . . . . . . . . 1 . . . . . . . GUARD 4 | . . . . . . . . . . . . . . . 3 1 . . . . . . . . . . . . . . AID 2 | . . . . . . . . . . . . . . . . . . . . . . . . . . . . . . 2 DROP 2 | . . . . . . . . . 2 . . . . . . . . . . . . . . . . . . . . . PICKUP 1 | . . . . . . . . . . . . . . . . . . 1 . . . . . . . . . . . . EXPLORE 8 | . . . . 1 2 5 . . . . . . . . . . . . . . . . . . . . . . . . RETURN 3 | . . . . . 1 2 . . . . . . . . . . . . . . . . . . . . . . . . Ally Attacks 962 | . . . . . 92 1 7 6 5 . 33 92 50 . 72 61 147 138 21 . . . 89 28 52 3 31 . 27 7 Total Damage 28394 | . . . . . 1343 15 166 74 56 . 3060 1261 1366 . 2598 1742 4421 2507 685 . . . 2094 1907 2295 118 1080 . 1434 172 Kills 190 | . . . . . 20 . 2 . 1 . 5 11 8 . 25 20 7 18 4 . . . 10 9 30 . 11 . 8 1 Allies Corrupted 8 | . . . . . . . . . . . 2 . . . 2 1 . . 1 . . . 1 . . . . . . 1 Allies Melted 2 | . . . . . . . . . . . . . 1 . . . . . 1 . . . . . . . . . . . Intel | -11 -10 -10 -9 -9 -9 -8 -8 -8 -8 -7 -7 -7 -7 -6 -6 -5 -5 -5 -5 -4 -4 -4 -4 -3 -3 -2 -2 -1 -1 -1 ------- Run | Yrd Mat Min Mat Sto Gar Mat Gar Mat Gar Fac Was Fac Gar Fac Gar Fac Was Fac Gar Fac Was Fac Gar Res Gar Res Gar Acc Gar Acc Active Infowar (turns) 5954 | 36 1567 . 414 . . . . 313 . . . . . . . 1064 . 155 . 110 . 2 . 145 115 187 1599 21 220 6 Optics 3097 | . . . . . . . . . . . . . . . . 1064 . . . . . . . . . 187 1599 21 220 6 IFF 265 | . . . . . . . . . . . . . . . . . . 155 . 110 . . . . . . . . . . Terrain 2 | . . . . . . . . . . . . . . . . . . . . . . 2 . . . . . . . . Seismic 2017 | 36 1567 . 414 . . . . . . . . . . . . . . . . . . . . . . . . . . . Machine Analysis 313 | . . . . . . . . 313 . . . . . . . . . . . . . . . . . . . . . . Jamming 260 | . . . . . . . . . . . . . . . . . . . . . . . . 145 115 . . . . . Robot Analysis Total 4 | . 2 . . 1 . . . . . . . . . . . . . . . . . . . 1 . . . . . . Derelict Logs Recovered 1 | . . 1 . . . . . . . . . . . . . . . . . . . . . . . . . . . . Drone Launches 11 | . . . . 1 3 7 . . . . . . . . . . . . . . . . . . . . . . . . Drone Recoveries 11 | . . . . 1 3 7 . . . . . . . . . . . . . . . . . . . . . . . . Exploration | -11 -10 -10 -9 -9 -9 -8 -8 -8 -8 -7 -7 -7 -7 -6 -6 -5 -5 -5 -5 -4 -4 -4 -4 -3 -3 -2 -2 -1 -1 -1 ------------- Run | Yrd Mat Min Mat Sto Gar Mat Gar Mat Gar Fac Was Fac Gar Fac Gar Fac Was Fac Gar Fac Was Fac Gar Res Gar Res Gar Acc Gar Acc Turns Passed 32306 | 119 3633 1177 2199 1936 1735 954 853 429 705 458 690 448 1006 63 1455 1204 667 1001 1776 648 611 976 2557 417 992 510 1653 21 220 1193 Spaces Moved 23044 | 75 1301 318 873 988 852 447 309 147 253 1119 657 804 1391 133 2854 630 321 426 858 374 390 530 1359 221 424 254 2079 39 476 2142 Core 1 | 1 . . . . . . . . . . . . . . . . . . . . . . . . . . . . . . Treads 3670 | . 1082 318 119 . . 2 252 147 253 . . . . . 45 590 46 426 390 . . . . . . . . . . . Legs . | . . . . . . . . . . . . . . . . . . . . . . . . . . . . . . . Wheels 8030 | 74 219 . 754 988 852 445 57 . . . . . . . 24 40 275 . 468 374 390 530 1359 221 424 254 282 . . . Hover . | . . . . . . . . . . . . . . . . . . . . . . . . . . . . . . . Flight 11343 | . . . . . . . . . . 1119 657 804 1391 133 2785 . . . . . . . . . . . 1797 39 476 2142 Fastest Speed 17 | 50 90 320 135 150 150 120 123 240 240 26 25 23 23 23 23 130 170 170 130 130 130 129 129 129 129 127 25 17 17 17 Average Speed 97 | 88 209 320 173 150 159 128 218 240 240 26 25 24 23 23 26 160 170 170 153 130 143 146 146 129 149 134 43 20 17 25 Slowest Speed 320 | 90 320 320 320 150 210 240 240 240 240 26 26 26 26 23 175 170 170 170 170 130 147 147 190 129 220 163 128 22 23 107 Overloaded Moves . | . . . . . . . . . . . . . . . . . . . . . . . . . . . . . . . Propulsion Burnouts . | . . . . . . . . . . . . . . . . . . . . . . . . . . . . . . . Robots Hopped 62 | . . . . . . . . . . 10 19 19 4 . 1 . . . . . . . . . . . . . 2 7 Potential Cave-ins . | . . . . . . . . . . . . . . . . . . . . . . . . . . . . . . . Cave-ins Triggered . | . . . . . . . . . . . . . . . . . . . . . . . . . . . . . . . Exploration Rate (%) 53 | 4 99 53 69 95 92 69 41 20 45 28 91 25 97 5 98 10 90 16 98 13 96 17 99 12 55 12 98 1 41 61 Regions Visited 30 Branch Regions 2 Pre-discovered Areas 6 | . 3 2 1 . . . . . . . . . . . . . . . . . . . . . . . . . . . Known Exits Taken 13 | . 1 1 1 1 . 1 . 1 . . . 1 . 1 . . . 1 . . . 1 . 1 . 1 . 1 . . Unknown Exits Taken 1 | 1 . . . . . . . . . . . . . . . . . . . . . . . . . . . . . . Scrap Searched 1 | . . 1 . . . . . . . . . . . . . . . . . . . . . . . . . . . . Spaces Dug 177 | . . . 16 7 19 2 17 9 . 14 . 2 1 . . 4 7 2 . 4 1 2 4 1 41 4 . . . 20 Terrain Destroyed 733 | . . . 22 10 19 9 21 14 . 14 6 2 6 . 5 12 11 9 21 31 12 27 15 16 264 17 99 . . 71 Melee 20 | . . . . . . 1 . 3 . 14 . 2 . . . . . . . . . . . . . . . . . . Projectile 319 | . . . 5 10 . 8 . 11 . . . . 6 . 5 12 11 8 18 24 12 27 15 14 50 17 23 . . 43 AOE 388 | . . . 17 . 19 . 21 . . . 6 . . . . . . . . 7 . . . . 214 . 76 . . 28 Terrain Rammed . | . . . . . . . . . . . . . . . . . . . . . . . . . . . . . . . Walls Destroyed . | . . . . . . . . . . . . . . . . . . . . . . . . . . . . . . . Machines Disabled . | . . . . . . . . . . . . . . . . . . . . . . . . . . . . . . . Actions | -11 -10 -10 -9 -9 -9 -8 -8 -8 -8 -7 -7 -7 -7 -6 -6 -5 -5 -5 -5 -4 -4 -4 -4 -3 -3 -2 -2 -1 -1 -1 --------- Run | Yrd Mat Min Mat Sto Gar Mat Gar Mat Gar Fac Was Fac Gar Fac Gar Fac Was Fac Gar Fac Was Fac Gar Res Gar Res Gar Acc Gar Acc Total 30047 | 102 2070 413 1383 1281 1080 691 420 188 315 1215 978 992 1899 163 3465 797 411 626 1122 477 419 633 1750 287 649 367 2607 50 605 2592 Wait 3118 | . 616 42 321 166 67 112 9 4 13 18 157 162 320 27 256 66 29 118 8 4 . 18 81 11 25 8 133 5 83 239 Move 22913 | 74 1300 317 872 987 851 447 308 146 252 1100 626 773 1382 132 2851 630 320 425 857 374 389 529 1358 221 423 254 2078 38 471 2128 Hop 42 | . . . . . . . . . . 9 11 11 3 . 1 . . . . . . . . . . . . . 1 6 Pick Up 447 | 10 36 4 38 17 19 15 19 2 12 3 1 2 2 1 67 26 5 10 25 12 2 3 16 9 24 12 42 1 5 7 Fast Attach 127 | 5 3 . 2 4 . 3 6 . 1 1 . 3 1 . 5 6 2 1 1 6 5 7 13 . 8 4 21 1 3 15 Attach 116 | 2 1 1 4 2 4 7 6 . 2 9 . . . 1 5 1 . 2 6 4 2 1 4 5 18 6 17 1 1 4 Detach 15 | . . . . . . . . . 1 . . . . . 1 1 . . . 1 . . . . 7 . 2 . . 2 Swap 451 | . 16 9 34 21 19 23 19 12 4 18 13 11 15 1 19 13 8 17 24 16 4 7 37 10 10 16 22 3 6 24 Drop 545 | . 20 4 36 19 16 15 18 3 11 24 4 9 8 . 62 25 10 12 30 16 6 12 40 4 30 12 71 1 9 18 Fire 1729 | 11 73 34 75 65 58 64 35 18 17 10 163 13 108 1 85 27 37 36 119 44 11 56 116 27 93 39 146 . 23 125 Melee 86 | . . . . . 22 4 . 3 1 23 3 2 . . . . . . . . . . 22 . 3 . . . 3 . Ram 3 | . . . . . . 1 . . . . . . . . . . . . . . . . . . . . . . . 2 Kick . | . . . . . . . . . . . . . . . . . . . . . . . . . . . . . . . Crush 17 | . 5 2 1 . . . . . 1 . . . . . . 2 . 5 1 . . . . . . . . . . . Escape Stasis 379 | . . . . . 24 . . . . . . . 60 . 105 . . . 51 . . . 40 . 8 16 75 . . . Rewire 15 | . . . . . . . . . . . . . . . . . . . . . . . 15 . . . . . . . Trap . | . . . . . . . . . . . . . . . . . . . . . . . . . . . . . . . Miscellaneous 44 | . . . . . . . . . . . . 6 . . 8 . . . . . . . 8 . . . . . . 22 Route ------- -11/Scrapyard -10/Materials (discovered 6 exits: *Mat x3 / *Min x2 / Sub) -10/Mines (discovered 3 exits: *Mat x2 / Sub) -9/Materials (discovered 6 exits: *Mat x3 / *Min x2 / *Sto) -9/Storage (discovered 3 exits: *Mat / Rec / Gar) -9/Garrison (discovered 3 exits: *Mat x3) -8/Materials (discovered 4 exits: Fac x3 / Gar) -8/Garrison (discovered 3 exits: *Mat x3) -8/Materials (discovered 2 exits: Fac / Gar) -8/Garrison (discovered 4 exits: *Fac x3 / [Mat]) -7/Factory (discovered 3 exits: *Fac x2 / *Low) -7/Waste -7/Factory (discovered 3 exits: *Low x2 / Gar) -7/Garrison (discovered 3 exits: *Fac x3) -6/Factory -6/Garrison (discovered 3 exits: *Fac x3) -5/Factory (discovered 2 exits: *Fac / [*Upp]) -5/Waste -5/Factory (discovered 2 exits: *Fac / Gar) -5/Garrison (discovered 3 exits: *Fac x3) -4/Factory -4/Waste -4/Factory (discovered 2 exits: *Res / Gar) -4/Garrison (discovered 3 exits: *Res x3) -3/Research (discovered 2 exits: *Res / Gar) -3/Garrison -2/Research -2/Garrison (discovered 3 exits: *Acc x3) -1/Access -1/Garrison (discovered 3 exits: [*Acc x3]) -1/Access To Epsilon Eridani History --------- Turn | Location | Event 15 | -11/Scrapyard | Discovered new exit (range 16) 120 | -11/Scrapyard | Entered Materials 302 | -10/Materials | Build established: Mutant 602 | -10/Materials | Discovered new exit (range 7) 716 | -10/Materials | Discovered new exit (range 11) 837 | -10/Materials | Discovered new exit (range 10) 855 | -10/Materials | Discovered new exit (range 16) 1117 | -10/Materials | Discovered new exit (range 16) 1420 | -10/Materials | Derelicts attacked the area 2410 | -10/Materials | Identified exit to Mines 2410 | -10/Materials | Identified exit to Subcaves 2410 | -10/Materials | Identified exit to Materials 2470 | -10/Materials | Learned location of Recycling (-9) 2520 | -10/Materials | Learned 4 Recycling zone layouts 2562 | -10/Materials | Learned 2 Storage zone layouts 2596 | -10/Materials | Learned 2 Mines zone layouts 2621 | -10/Materials | Learned 2 Mines zone layouts 2664 | -10/Materials | Repaired Lgt. Treads 2691 | -10/Materials | Repaired Lgt. Treads 2705 | -10/Materials | Learned location of Mines (-10) 3753 | -10/Materials | Entered Mines 3888 | -10/Mines | Core integrity fell below 50% 4125 | -10/Mines | Learned location of Storage (-9) 4627 | -10/Mines | Received a Rocket Launcher from a helpful Derelict 4628 | -10/Mines | Discovered exit to Materials (range 6) 4930 | -10/Mines | Entered Materials 4930 | -9/Materials | Evolved 2 slots: Weapon x2 5002 | -9/Materials | Identified exit to Mines 5002 | -9/Materials | Identified exit to Storage 5231 | -9/Materials | Build established: Gunner 5565 | -9/Materials | Discovered new exit (range 14) 5667 | -9/Materials | Repaired Broken Sub. Beam Cannon 5700 | -9/Materials | Repaired Cooling System 6003 | -9/Materials | Build established: Tank 6619 | -9/Materials | Build established: Scavenger-Tank 6621 | -9/Materials | Identified exit to Materials 6655 | -9/Materials | Learned location of 1 exit from Storage 6678 | -9/Materials | Learned location of 2 exits from Materials 6690 | -9/Materials | Learned Recycling recycling unit intel 6692 | -9/Materials | Learned Storage security intel 6693 | -9/Materials | Learned 2 Materials zone layouts 6694 | -9/Materials | Learned location of 2 exits from Materials 6695 | -9/Materials | Learned location of Zion (-6) 6705 | -9/Materials | Learned Storage security intel 7129 | -9/Materials | Entered Storage 7131 | -9/Storage | Identified exit to Recycling 7144 | -9/Storage | Identified exit to Garrison 7220 | -9/Storage | Build established: Gunner 7999 | -9/Storage | Core integrity fell below 50% 8823 | -9/Storage | Assisted by bots powering up and referring to "LRC-V3" 9065 | -9/Storage | Entered Garrison 9065 | -9/Garrison | Accompanied by 10 allies 9129 | -9/Garrison | Installed Relay Interface Framework 9135 | -9/Garrison | Build established: Commander-Gunner 9159 | -9/Garrison | Triggered checkpoint 9182 | -9/Garrison | Garrison Relay disabled 9303 | -9/Garrison | Lost 5 allies 9346 | -9/Garrison | Expanded RIF knowledge: Structural Interface 9421 | -9/Garrison | Triggered checkpoint 9463 | -9/Garrison | Triggered checkpoint 9567 | -9/Garrison | Triggered checkpoint 9597 | -9/Garrison | Triggered checkpoint 9630 | -9/Garrison | Garrison Relay disabled 9795 | -9/Garrison | Triggered checkpoint 9847 | -9/Garrison | P-60 Hacker assimilated allied Defender 2c 9850 | -9/Garrison | P-60 Hacker assimilated allied Trooper 2a 10073 | -9/Garrison | Triggered checkpoint 10183 | -9/Garrison | Build established: Gunner 10533 | -9/Garrison | Core integrity fell below 20% 10537 | -9/Garrison | Lost 3 allies 10611 | -9/Garrison | Triggered checkpoint 10656 | -9/Garrison | Destroyed 7 combat bots 10702 | -9/Garrison | Triggered checkpoint 10739 | -9/Garrison | Discovered exit to Materials (range 77) 10739 | -9/Garrison | Discovered exit to Materials (range 81) 10739 | -9/Garrison | Discovered exit to Materials (range 27) 10800 | -9/Garrison | Entered Materials 10800 | -8/Materials | Evolved 2 slots: Propulsion x1, Utility x1 10801 | -8/Materials | Identified exit to Factory 10848 | -8/Materials | Build established: Scavenger-Gunner 11162 | -8/Materials | Build established: Gunner 11393 | -8/Materials | Garrison activated, responded to threat 11600 | -8/Materials | First assault squad dispatched 11739 | -8/Materials | Identified exit to Garrison 11749 | -8/Materials | Lost 4 parts (1p1n2w) 11754 | -8/Materials | Entered Garrison 11754 | -8/Garrison | Accompanied by 1 ally 11765 | -8/Garrison | Discovered new exit (range 58) 11765 | -8/Garrison | Discovered new exit (range 52) 11765 | -8/Garrison | Discovered new exit (range 102) 11849 | -8/Garrison | Triggered checkpoint 11853 | -8/Garrison | Triggered checkpoint 11946 | -8/Garrison | Triggered checkpoint 11951 | -8/Garrison | Build established: Scavenger-Gunner 12324 | -8/Garrison | Expanded RIF knowledge: Threat Obfuscation 12498 | -8/Garrison | Triggered checkpoint 12524 | -8/Garrison | Destroyed 7 combat bots 12539 | -8/Garrison | Garrison Relay disabled 12607 | -8/Garrison | Entered Materials 12872 | -8/Materials | Central database locked down 12925 | -8/Materials | Garrison activated, responded to threat 13000 | -8/Materials | Identified exit to Garrison 13036 | -8/Materials | Entered Garrison 13036 | -8/Garrison | Accompanied by 3 allies 13077 | -8/Garrison | Expanded RIF knowledge: Patrol Navigation 13197 | -8/Garrison | Discovered exit to Factory (range 58) 13197 | -8/Garrison | Discovered exit to Factory (range 72) 13197 | -8/Garrison | Discovered exit to Factory (range 49) 13197 | -8/Garrison | Discovered new exit (range 65) 13198 | -8/Garrison | Build established: Gunner 13284 | -8/Garrison | Triggered checkpoint 13317 | -8/Garrison | Lost 3 allies 13465 | -8/Garrison | Garrison Relay disabled 13484 | -8/Garrison | Triggered checkpoint 13741 | -8/Garrison | Entered Factory 13741 | -7/Factory | Evolved 2 slots: Propulsion x2 13868 | -7/Factory | Discovered new exit (range 6) 13900 | -7/Factory | Central database locked down 14074 | -7/Factory | Build established: Scavenger-Sprinter 14083 | -7/Factory | Discovered new exit (range 3) 14136 | -7/Factory | Discovered new exit (range 6) 14199 | -7/Factory | Manually triggered Chute Trap 14199 | -7/Factory | Sucked down chute 14199 | -7/Factory | Entered Waste 14206 | -7/Waste | Spotted C-40 Crusher 14209 | -7/Waste | Spotted C-40 Crusher 14211 | -7/Waste | Spotted C-40 Crusher 14214 | -7/Waste | Spotted C-40 Crusher 14238 | -7/Waste | Spotted C-40 Crusher 14292 | -7/Waste | Spotted C-40 Crusher 14423 | -7/Waste | Rewired C-40 Crusher 14442 | -7/Waste | Allies destroyed C-40 Crusher 14529 | -7/Waste | Allies destroyed C-40 Crusher 14610 | -7/Waste | Allies destroyed C-40 Crusher 14616 | -7/Waste | Allies destroyed C-40 Crusher 14647 | -7/Waste | Allies destroyed C-40 Crusher 14663 | -7/Waste | Discovered new exit (range 12) 14710 | -7/Waste | Warlord forces began an assault 14889 | -7/Waste | Entered Factory 14889 | -7/Factory | Accompanied by 16 allies 14949 | -7/Factory | Discovered new exit (range 13) 15075 | -7/Factory | Identified exit to Garrison 15130 | -7/Factory | Garrison activated, responded to threat 15143 | -7/Factory | Identified exit to Lower Caves 15236 | -7/Factory | Identified exit to Garrison 15337 | -7/Factory | Entered Garrison 15337 | -7/Garrison | Accompanied by 8 allies 15341 | -7/Garrison | Triggered checkpoint 15376 | -7/Garrison | Build established: Sprinter 15408 | -7/Garrison | Triggered checkpoint 15414 | -7/Garrison | Garrison Relay disabled 15517 | -7/Garrison | Triggered checkpoint 15538 | -7/Garrison | Triggered checkpoint 15538 | -7/Garrison | Triggered checkpoint 15539 | -7/Garrison | Triggered checkpoint 15573 | -7/Garrison | Lost 5 allies 15679 | -7/Garrison | Found embedded Infiltrators 15691 | -7/Garrison | Discovered new exit (range 10) 15693 | -7/Garrison | Triggered checkpoint 15721 | -7/Garrison | Garrison Relay disabled 15779 | -7/Garrison | Triggered checkpoint 15798 | -7/Garrison | Expanded RIF knowledge: Program Shield 15821 | -7/Garrison | Triggered checkpoint 15839 | -7/Garrison | Garrison Relay disabled 15877 | -7/Garrison | Discovered new exit (range 14) 15925 | -7/Garrison | Garrison Relay disabled 15999 | -7/Garrison | Triggered checkpoint 16017 | -7/Garrison | Triggered checkpoint 16154 | -7/Garrison | Discovered new exit (range 10) 16265 | -7/Garrison | Build established: Commander-Sprinter 16343 | -7/Garrison | Entered Factory 16343 | -6/Factory | Accompanied by 9 allies 16343 | -6/Factory | Evolved 2 slots: Power x1, Utility x1 16376 | -6/Factory | Identified exit to Garrison 16406 | -6/Factory | Entered Garrison 16406 | -6/Garrison | Accompanied by 9 allies 16411 | -6/Garrison | Expanded RIF knowledge: Coupler Efficiency 16424 | -6/Garrison | Triggered checkpoint 16453 | -6/Garrison | Garrison Relay disabled 16604 | -6/Garrison | Triggered checkpoint 16646 | -6/Garrison | Lost 3 allies 16656 | -6/Garrison | Triggered checkpoint 16676 | -6/Garrison | Garrison Relay disabled 16695 | -6/Garrison | Discovered new exit (range 10) 16700 | -6/Garrison | Found embedded Infiltrators 16704 | -6/Garrison | Triggered checkpoint 16709 | -6/Garrison | Garrison Relay disabled 16757 | -6/Garrison | Garrison Relay disabled 16776 | -6/Garrison | Triggered checkpoint 16814 | -6/Garrison | Discovered new exit (range 2) 16844 | -6/Garrison | Discovered new exit (range 13) 16866 | -6/Garrison | Triggered checkpoint 16902 | -6/Garrison | Build established: Scavenger-Sprinter 17017 | -6/Garrison | Garrison Relay disabled 17393 | -6/Garrison | Found Relay Coupler [Proto] 17394 | -6/Garrison | Found Relay Coupler [Proto] 17396 | -6/Garrison | Found Relay Coupler [Proto] 17397 | -6/Garrison | Found Relay Coupler [Proto] 17491 | -6/Garrison | Build established: Commander-Sprinter 17861 | -6/Garrison | Entered Factory 17861 | -5/Factory | Accompanied by 7 allies 17861 | -5/Factory | Evolved 2 slots: Propulsion x1, Utility x1 17949 | -5/Factory | Discovered new exit (range 7) 18461 | -5/Factory | First assault squad dispatched 18506 | -5/Factory | Build established: Botlord-Gunner 18557 | -5/Factory | Garrison activated, responded to threat 18566 | -5/Factory | Discovered new exit (range 2) 18874 | -5/Factory | Cargo convoy interrupted 18958 | -5/Factory | Lost 8 allies 18959 | -5/Factory | Found Exp. Core Analyzer 18964 | -5/Factory | Found Gui. Micro-nuke Launcher 19006 | -5/Factory | Found Active Cooling Armor 19027 | -5/Factory | Found Exp. Core Analyzer 19037 | -5/Factory | Found Exp. Core Analyzer 19065 | -5/Factory | Sucked down chute 19065 | -5/Factory | Entered Waste 19119 | -5/Waste | Spotted C-40 Crusher 19133 | -5/Waste | Spotted C-40 Crusher 19156 | -5/Waste | Spotted C-40 Crusher 19187 | -5/Waste | Spotted C-40 Crusher 19214 | -5/Waste | Spotted C-40 Crusher 19222 | -5/Waste | Spotted C-40 Crusher 19372 | -5/Waste | Discovered new exit (range 12) 19474 | -5/Waste | Warlord forces began an assault 19511 | -5/Waste | Allies destroyed C-40 Crusher 19515 | -5/Waste | Allies destroyed C-40 Crusher 19522 | -5/Waste | Build established: Bothacker-Tank 19536 | -5/Waste | Allies destroyed C-40 Crusher 19572 | -5/Waste | Allies destroyed C-40 Crusher 19575 | -5/Waste | Lost 4 allies 19597 | -5/Waste | Allies destroyed C-40 Crusher 19732 | -5/Waste | Entered Factory 19732 | -5/Factory | Accompanied by 12 allies 19928 | -5/Factory | Lost 3 allies 20204 | -5/Factory | Lost 3 allies 20211 | -5/Factory | Discovered new exit (range 8) 20641 | -5/Factory | Identified exit to Garrison 20733 | -5/Factory | Entered Garrison 20733 | -5/Garrison | Accompanied by 3 allies 20818 | -5/Garrison | Expanded RIF knowledge: Threat Obfuscation 20939 | -5/Garrison | P-70 Sage assimilated allied G-50 Soldier 20947 | -5/Garrison | P-70 Sage assimilated allied ZI-1AA(g) 21004 | -5/Garrison | Triggered checkpoint 21111 | -5/Garrison | Build established: Botlord-Tank 21132 | -5/Garrison | Garrison Relay disabled 21253 | -5/Garrison | Triggered checkpoint 21303 | -5/Garrison | Destroyed 10 combat bots 21435 | -5/Garrison | Discovered new exit (range 9) 21543 | -5/Garrison | Triggered checkpoint 21596 | -5/Garrison | Garrison Relay disabled 21642 | -5/Garrison | Found embedded Infiltrators 21901 | -5/Garrison | Discovered new exit (range 12) 21939 | -5/Garrison | Expanded RIF knowledge: Hotswap 22013 | -5/Garrison | Garrison Relay disabled 22015 | -5/Garrison | Garrison Relay disabled 22213 | -5/Garrison | System corruption reached 10% 22243 | -5/Garrison | Found Relay Coupler [Proto] 22247 | -5/Garrison | Found Relay Coupler [Proto] 22250 | -5/Garrison | Found Relay Coupler [Proto] 22253 | -5/Garrison | Found Relay Coupler [Proto] 22312 | -5/Garrison | Build established: Botlord-Gunner 22359 | -5/Garrison | Triggered checkpoint 22437 | -5/Garrison | Triggered checkpoint 22479 | -5/Garrison | Garrison Relay disabled 22500 | -5/Garrison | Discovered new exit (range 8) 22509 | -5/Garrison | Entered Factory 22509 | -4/Factory | Evolved 2 slots: Utility x2 23157 | -4/Factory | Sucked down chute 23157 | -4/Factory | Entered Waste 23157 | -4/Waste | The area was eerily silent 23515 | -4/Waste | Build established: Botlord-Tank 23597 | -4/Waste | Discovered new exit (range 13) 23768 | -4/Waste | Entered Factory 24271 | -4/Factory | Discovered new exit (range 13) 24416 | -4/Factory | Identified exit to Garrison 24744 | -4/Factory | Entered Garrison 25006 | -4/Garrison | Destroyed 7 combat bots 25059 | -4/Garrison | Triggered checkpoint 25222 | -4/Garrison | Triggered checkpoint 25236 | -4/Garrison | Triggered checkpoint 25296 | -4/Garrison | Lost 4 allies 25350 | -4/Garrison | Garrison Relay disabled 25430 | -4/Garrison | Triggered checkpoint 25439 | -4/Garrison | Triggered checkpoint 25512 | -4/Garrison | Triggered checkpoint 25520 | -4/Garrison | Build established: Botlord-Gunner 25839 | -4/Garrison | Discovered new exit (range 12) 25890 | -4/Garrison | P-70 Sage assimilated allied Beamer 7b 25919 | -4/Garrison | Found Relay Coupler [Proto] 25921 | -4/Garrison | Found Relay Coupler [Proto] 25924 | -4/Garrison | Found Relay Coupler [Proto] 25927 | -4/Garrison | Found Relay Coupler [Proto] 25977 | -4/Garrison | Triggered checkpoint 26006 | -4/Garrison | Garrison Relay disabled 26169 | -4/Garrison | Rescued a captive Derelict 26244 | -4/Garrison | Triggered checkpoint 26284 | -4/Garrison | Lost 3 allies 26306 | -4/Garrison | Spotted B-86 Titan 26475 | -4/Garrison | Assimilated Titan 7a with formatsys_high 26578 | -4/Garrison | Garrison Relay disabled 26590 | -4/Garrison | Triggered checkpoint 26629 | -4/Garrison | Expanded RIF knowledge: Zone Cloak 26651 | -4/Garrison | Discovered new exit (range 2) 26785 | -4/Garrison | Triggered checkpoint 26831 | -4/Garrison | Garrison Relay disabled 27034 | -4/Garrison | Found embedded Infiltrators 27068 | -4/Garrison | Discovered new exit (range 10) 27071 | -4/Garrison | Triggered checkpoint 27109 | -4/Garrison | Triggered checkpoint 27138 | -4/Garrison | Garrison Relay disabled 27301 | -4/Garrison | Entered Research 27301 | -3/Research | Accompanied by 6 allies 27301 | -3/Research | Evolved 2 slots: Utility x2 27309 | -3/Research | Discovered new exit (range 12) 27551 | -3/Research | First assault squad dispatched 27555 | -3/Research | Lost 6 allies 27718 | -3/Research | Identified exit to Garrison 27718 | -3/Research | Entered Garrison 27744 | -3/Garrison | Triggered checkpoint 27827 | -3/Garrison | Garrison Relay disabled 27863 | -3/Garrison | Build established: Botlord-Tank 27875 | -3/Garrison | Garrison Relay disabled 27927 | -3/Garrison | Assembled breached garrison interior 28066 | -3/Garrison | Destroyed 18 combat bots 28077 | -3/Garrison | Expanded RIF knowledge: Command Fork 28161 | -3/Garrison | Discovered new exit (range 5) 28298 | -3/Garrison | Garrison Relay disabled 28312 | -3/Garrison | Spotted Executioner 28312 | -3/Garrison | Spotted Executioner 28322 | -3/Garrison | Assimilated Executioner with formatsys_high 28337 | -3/Garrison | Destroyed Executioner 28350 | -3/Garrison | Rewired Striker 28352 | -3/Garrison | Rewired Striker 28365 | -3/Garrison | Found Prototype Processor 28365 | -3/Garrison | Identified Exp. Targeting Computer 28379 | -3/Garrison | Found Exp. Core Analyzer 28438 | -3/Garrison | Learned Research security intel 28676 | -3/Garrison | Destroyed 9 combat bots 28679 | -3/Garrison | Build established: Botlord-Gunner 28710 | -3/Garrison | Entered Research 28710 | -2/Research | Evolved 2 slots: Utility x1, Weapon x1 29220 | -2/Research | Identified exit to Garrison 29220 | -2/Research | Entered Garrison 29220 | -2/Garrison | Accompanied by 1 ally 29280 | -2/Garrison | Triggered checkpoint 29324 | -2/Garrison | Garrison Relay disabled 29509 | -2/Garrison | Spotted B-90 Cyclops 29512 | -2/Garrison | Triggered checkpoint 29512 | -2/Garrison | Triggered checkpoint 29566 | -2/Garrison | Destroyed 7 combat bots 29819 | -2/Garrison | Triggered checkpoint 29820 | -2/Garrison | Triggered checkpoint 29872 | -2/Garrison | Triggered checkpoint 29889 | -2/Garrison | Garrison Relay disabled 29972 | -2/Garrison | Build established: Botlord-Sprinter 29985 | -2/Garrison | Discovered new exit (range 12) 30065 | -2/Garrison | Discovered new exit (range 16) 30069 | -2/Garrison | Garrison Relay disabled 30075 | -2/Garrison | Triggered checkpoint 30084 | -2/Garrison | Garrison Relay disabled 30100 | -2/Garrison | Discovered new exit (range 16) 30104 | -2/Garrison | Expanded RIF knowledge: Robot Detection 30172 | -2/Garrison | Garrison Relay disabled 30873 | -2/Garrison | Entered Access 30873 | -1/Access | Accompanied by 5 allies 30873 | -1/Access | Evolved 2 slots: Propulsion x2 30881 | -1/Access | Identified exit to Garrison 30894 | -1/Access | Entered Garrison 30894 | -1/Garrison | Accompanied by 5 allies 30899 | -1/Garrison | Expanded RIF knowledge: Watcher Feeds 30919 | -1/Garrison | Discovered new exit (range 36) 30919 | -1/Garrison | Discovered new exit (range 70) 30919 | -1/Garrison | Discovered new exit (range 60) 30935 | -1/Garrison | Phase Generator disabled 30954 | -1/Garrison | Garrison Relay disabled 30966 | -1/Garrison | Triggered checkpoint 31080 | -1/Garrison | Triggered checkpoint 31080 | -1/Garrison | Spotted B-99 Colossus 31080 | -1/Garrison | Assimilated Colossus 10a with formatsys_high 31094 | -1/Garrison | Triggered checkpoint 31109 | -1/Garrison | Spotted B-99 Colossus 31114 | -1/Garrison | Triggered checkpoint 31114 | -1/Garrison | Entered Access 31338 | -1/Access | Unchained authorized (GL-D0S) 31654 | -1/Access | Garrison activated, responded to threat 31766 | -1/Access | Found Unknown Launcher 31766 | -1/Access | Identified Gamma Bomb Array 31974 | -1/Access | Lost 5 parts (2n3w) 32182 | -1/Access | Discovered new exit (range 4) 32307 | *** | Escaped! Last Messages --------------- 32209_ Detecting nearby Garrison Access. 32213_ RIF reveals location of hidden door. 32214_ Dropped Hvy. Machine Gun. 32218_ System corrupted: Matter fused (-7). 32219_ Dropped Relay Coupler [Grunt]. 32220_ Acquired Railgun. 32222_ Dropped KE Penetrator. 32223_ Acquired Hvy. Machine Gun. 32238_ System corrupted: Component data lost. 32239_ Dropped Cmb. Linear Gravjet. 32239_ Acquired Impulse Thruster. 32249_ Dropped Arm. Huge Wheel+. 32250_ Acquired Railgun. 32272_ RIF reveals location of hidden door. 32278_ >> Watcher Feeds: Established visual feed link with W-44 Eye. 32283_ O-32 Director: "IFF HANDSHAKE FAILED. SECURING TERMINAL." 32288_ RIF reveals location of hidden door. 32290_ W-44 Eye sends out distress signal. 32302_ ALERT: Security rotation in progress. 32303_ >> Watcher Feeds: Feed link from W-44 Eye lost. Map ----- +----------------------------------------------------+ | # #????????########### #? | | # #????????# # #? | | # #????????# # #? | | # #????????# # #####+#### | | + """"" #????????# # # # | | # """""""" ########## # #= # | | # """""""" + + # # # | | # """"" ########## ! + + # | | ###### #????????# # # # | | ?????# #????????########### # " # | | ??###########+######################## # """ # | | # """ # | | # " # | | ?###########+##+##### ""################### | | ?????# #?# ""#?????????????????? | | ?????# #?# ""#?????????????????? | | ?????# #?# T#?????????????????? | | ?????# " #?# ""#?????????????????? | | ?????# """" #?# ""#?????????????????? | | ?????# """"" #?# ""#?????????????????? | | ?????# """""#?"""""" """?????????????????? | | ?????# ! """" #?# #?????????????????? | | ?????# " #?# #?????????????????? | | ?????# #?# """ #?????????????????? | | ?????# #?# ?" " #?????????????????? | | ?????# #?#??" @" " #?????????????????? | | ?????###+##########????" "" " #?????????????????? | | ???????# #?????????????" " #?????????????????? | | ???????# #?????????????"""""" #?????????????????? | | ???????# #??????????????????? #?????????????????? | | ???????# #???????????????????""#?????????????????? | | ???????# #???????????????????????????????????????? | | ???????# #???????????????????????????????????????? | | ?#######+##??????????????????????????????????????? | | ?# #??????????????????????????????????????? | | ## #???????????BB????BB???????????????????? | | + #???????????BB????BB???????????????????? | | ## #??????????????????????????????????????? | | ?# #??????????????????????????????????????? | | ?# #??????????????????????????????????????? | | ?#! #??????????????????????????????????????? | | ?# #??????????????????????????????????????? | | ?# #??????????????????????????????????????? | | ?#####+################# #???????????Y????????? | | ### #????????????????????? | | # #????????????????????? | | # #????????????????????? | | # #????????????????????? | | # ####+#################????????????????????? | | !# # !#??????????????????????????? | +----------------------------------------------------+ Best States ------------- Heat Dissipation 137 Coolant Potential 100 Energy Generation 49 Energy Capacity 600 Matter Stores 300 Matter Capacity 300 Sight Range 23 Terrain Scan Density 10 Jamming Range 16 Power Amplification 30 Additional Mass Support 12 Armor Coverage 900 Propulsion Shielding 66 Weapon Cycling 25 Evasion (%) 66 Targeting Accuracy 12 Core Analysis 9 Recoil Reduction 7 Salvage Targeting 2 Offensive Hacking 14 Relay Coupler Types 6 Relay Coupler Value 150 Item Schematics ----------------- Huge Storage Unit | -10/Materials | Hacked Lgt. Assault Rifle | -10/Materials | Hacked Arm. Huge Wheel | -9/Storage | Hacked Cooling System | -9/Storage | Hacked Lgt. Nuclear Core | -8/Materials | Scanalyzed Recoil Stabilizer | -8/Materials | Scanalyzed Remote Datajack | -7/Factory | Scanalyzed Hcp. Matter Pod | -7/Factory | Scanalyzed Hvy. Machine Gun | -7/Factory | Scanalyzed Arc Projector | -7/Factory | Scanalyzed Imp. Fusion Compressor | -7/Factory | Downloaded Med. Storage Unit | -7/Factory | Hacked Robot Schematics ------------------ None Fabricated ------------ Nothing Repaired ---------- Lgt. Treads | 10% | -10/Materials Lgt. Treads | 11% | -10/Materials Sub. Beam Cannon | 61% | -9/Materials | Broken Cooling System | 48% | -9/Materials Studied --------- Lgt. Nuclear Core | -8/Materials | Hacked Hvy. Assault Rifle | -8/Materials | Hacked Arm. Wheel | -8/Materials | Hacked Cesium-ion Thruster | -8/Materials | Hacked Flak Gun | -7/Factory | Hacked Arm. Huge Wheel | -2/Research | Hacked Xenon Bombardment Thruster | -2/Research | Hacked Alien Tech Used ----------------- None Achievements -------------- A Problem For Future Me Analysis Probe Bumper Bots DATA ERROR: Steam Global Achievement% For Emergencies Only Hack The Planet Hackerman Heavy Suspicion Hydra I Have A Map? I Laugh At Your Crits Into The Breach Item+ Jackpot Join The Dark Side Let Me Out Of Here Mindtrick Myspace Not Today, Chutes Oppo Buddy Organ Harvest Overwhelming Powerful Protocols Satisfying Spot Them First Taming Of The Crushers The Better Part Of Valor There's More Where That Came From Thread The Needle Around The Corner Tune-up Versatile Watcher Gambling You Will Be Upgraded Challenges ------------ None Game ------ Seed SpectralBoltCarapace Manual? 0 Play Time 07:33:46 Cumulative 1299.7 hours Start 2025.10.21 @ 20:44:00 End 2025.10.25 @ 00:02:52 Sessions 21 Manual Loads 0 Difficulty Rogue Special Mode None Game No. 613 Rogue 613 Adventurer 0 Explorer 0 Win Type 0 Total 24 Types 11/4/3/0/1/1/2/2/0/0 Lore% 91 Gallery% 89 Achievement% 52 Wizard Run 0 Options --------- Layout 0 ASCII 0 Keyboard 0 Movement Numpad Keybinds 0 Fullscreen 2 Font 24/Smallcaps Map View 76x50 Zoom Use 0% Tactical HUD 1 Map Filters NONE Filters SHIFT_HUE(315) Steam 1 RUN: 037d8c19-8509-4bde-815d-22289a9a9743